Workbook
Name tdRepliesUniqueIdentifierCol_lnkRepliesUniqueIdentifierViewLink_0: MatrizCostos_Subasta!#REF!
Name tdRepliesUniqueIdentifierCol_lnkRepliesUniqueIdentifierViewLink_1: MatrizCostos_Subasta!#REF!
Name tdRepliesUniqueIdentifierCol_lnkRepliesUniqueIdentifierViewLink_2: MatrizCostos_Subasta!#REF!
Name tdRepliesUniqueIdentifierCol_lnkRepliesUniqueIdentifierViewLink_3: MatrizCostos_Subasta!#REF!
Name tdRepliesUniqueIdentifierCol_lnkRepliesUniqueIdentifierViewLink_4: MatrizCostos_Subasta!#REF!
Name tdRepliesUniqueIdentifierCol_lnkRepliesUniqueIdentifierViewLink_5: MatrizCostos_Subasta!#REF!
Name tdRepliesUniqueIdentifierCol_lnkRepliesUniqueIdentifierViewLink_6: MatrizCostos_Subasta!#REF!
Name tdRepliesUniqueIdentifierCol_lnkRepliesUniqueIdentifierViewLink_7: MatrizCostos_Subasta!#REF!
Name tdRepliesUniqueIdentifierCol_lnkRepliesUniqueIdentifierViewLink_8: MatrizCostos_Subasta!#REF!

Sheet OfertasEconomicas
B2: VALIDACIÓN OFERTAS ECONOMICAS PROCESO FDLBOSASASI 003-2022 (72195)
B5: No. Proponente | C5: Nombre Proponente | D5: Resultado | E5: Observaciones | G5: % Descuento inicial | H5: Valor Oferta Sumatoria | K5: Oferta Menor Valor | L5: =MIN(H6:H23) -> 34596846 | N5: Proponente inicio Subasta | O5: =C10 -> EL DEPORTISTA
B6: 1 | C6: C I WARRIORS COMPANY SAS | D6: =H32 -> No Cumple | E6: Porcentaje inicial de descuento no cumple lo estipulado en pliego de condiciones | G6: =$G29 -> 3.2914092e-05 | H6: =$G32 -> 36609254 | K6: Lance | L6: 0.05
B7: 2 | C7: INDUSTRIAS HCM SAS | D7: =J32 -> No Cumple | E7: Porcentaje inicial de descuento no cumple lo estipulado en pliego de condiciones. | G7: =$I29 -> 0 | H7: =$I32 -> 36610459
B8: 3 | C8: Y YO SAS | D8: =L32 -> Oferta Rechazada | E8: Requisitos habilitantes
B9: 4 | C9: C.I. MORASU SAS | D9: =N32 -> No Cumple | E9: Porcentaje inicial de descuento no cumple lo estipulado en pliego de condiciones. | G9: =$M29 -> 0 | H9: =$M32 -> 36610459
B10: 5 | C10: EL DEPORTISTA | D10: =P32 -> Cumple | E10: De acuerdo con la recomendación de la guia de Colombia Compra para menos de ofertas, el proponente cumple con los valores ofertados dentro de los rangos permitidos. | G10: =$O29 -> 0.055001031 | H10: =$O32 -> 34596846
B11: 6 | C11: DISTRIBUIDORA Y COMERCIALIZADORA E W EL TRIANGULO SAS | D11: =R32 -> No Cumple | E11: Porcentaje inicial de descuento no cumple lo estipulado en pliego de condiciones. | G11: =$Q29 -> 0.001092584 | H11: =$Q32 -> 36570459
B12: 7 | C12: COLCONDI SAS | D12: =T32 -> No Cumple | E12: Porcentaje inicial de descuento no cumple lo estipulado en pliego de condiciones. | G12: =$S29 -> 6.1184701e-06 | H12: =$S32 -> 36610235
B13: 8 | C13: E&T SAS | D13: =V32 -> No Cumple | E13: Porcentaje inicial de descuento no cumple lo estipulado en pliego de condiciones. | G13: =$U29 -> 0 | H13: =$U32 -> 36610459
B14: 9 | C14: TRACTOPESADOS SAS | D14: =X32 -> Oferta Rechazada | E14: No cumple requisitos habilitantes de Experiencia
B15: 10 | C15: Insudeportes SAS | D15: =Z32 -> No Cumple | E15: Oferta Rechazada por superar un precio unitario | G15: =$Y29 -> -0.010447779 | H15: =$Y32 -> 36992957
B16: 11 | C16: TEMPOEFECTIVA SAS | D16: =AB32 -> Cumple | E16: De acuerdo con la recomendación de la guia de Colombia Compra para menos de ofertas, el proponente cumple con los valores ofertados dentro de los rangos permitidos. | G16: =$AA29 -> 0.05 | H16: =$AA32 -> 34779936
B17: 12 | C17: Lilia Fanny Guevara Parrado | D17: =AD32 -> No Cumple | E17: Porcentaje inicial de descuento no cumple lo estipulado en pliego de condiciones. | G17: =$AC29 -> 0 | H17: =$AC32 -> 36610459
B18: 13 | C18: ACTIVA-T | D18: =AF32 -> No Cumple | E18: Porcentaje inicial de descuento no cumple lo estipulado en pliego de condiciones. | G18: =$AE29 -> 0.0063916708 | H18: =$AE32 -> 36376457
B19: 14 | C19: EFFORT COLOMBIA | D19: =AH32 -> No Cumple | E19: Porcentaje inicial de descuento no cumple lo estipulado en pliego de condiciones. | G19: =$AG29 -> 0 | H19: =$AG32 -> 36610459
B20: 15 | C20: MUNDIAL DE SUMINISTROS Y CONTRATOS S.A.S | D20: =AJ32 -> Cumple | E20: De acuerdo con la recomendación de la guia de Colombia Compra para menos de ofertas, el proponente cumple con los valores ofertados dentro de los rangos permitidos. | G20: =$AI29 -> 0.050002979 | H20: =$AI32 -> 34779827
B21: 16 | C21: PEDRO JESUS BLANCO FORERO | D21: =AL32 -> No Cumple | E21: Porcentaje inicial de descuento no cumple lo estipulado en pliego de condiciones. | G21: =$AK29 -> 0 | H21: =$AK32 -> 36610459
B22: 17 | C22: FACOMED SAS | D22: =AN32 -> No Cumple | E22: Porcentaje inicial de descuento no cumple lo estipulado en pliego de condiciones. | G22: =$AM29 -> 0.047619042 | H22: =$AM32 -> 34867104
B23: 18 | C23: INVERSIONES BLUCHER SAS | D23: =AP32 -> No Cumple | E23: Porcentaje inicial de descuento no cumple lo estipulado en pliego de condiciones. | G23: =$AO29 -> 0 | H23: =$AO32 -> 36610459
C25: Cumple
C26: Se requiere aclaración de precios
C27: No cumple
B28: DETALLE OFERTAS ECONOMICAS
G29: =1-(G32/$F$32) -> 3.2914092e-05 | I29: =1-(I32/$F$32) -> 0 | K29: =IFERROR(1-(K32/$F$32),"") | M29: =1-(M32/$F$32) -> 0 | O29: =1-(O32/$F$32) -> 0.055001031 | Q29: =1-(Q32/$F$32) -> 0.001092584 | S29: =1-(S32/$F$32) -> 6.1184701e-06 | U29: =1-(U32/$F$32) -> 0 | W29: =IFERROR(1-(W32/$F$32),"") | Y29: =1-(Y32/$F$32) -> -0.010447779 | AA29: =1-(AA32/$F$32) -> 0.05 | AC29: =1-(AC32/$F$32) -> 0 | AE29: =1-(AE32/$F$32) -> 0.0063916708 | AG29: =1-(AG32/$F$32) -> 0 | AI29: =1-(AI32/$F$32) -> 0.050002979 | AK29: =1-(AK32/$F$32) -> 0 | AM29: =1-(AM32/$F$32) -> 0.047619042 | AO29: =1-(AO32/$F$32) -> 0
G30: 1 | I30: 2 | K30: 3 | M30: 4 | O30: 5 | Q30: 6 | S30: 7 | U30: 8 | W30: 9 | Y30: 10 | AA30: 11 | AC30: 12 | AE30: 13 | AG30: 14 | AI30: 15 | AK30: 16 | AM30: 17 | AO30: 18
B31: ITEM | C31: PRODUCTO O SERVICIO | D31: UNIDAD DE MEDIDA A COTIZAR | E31: CANTIDAD A COTIZAR | F31: ESTUDIO DE MERCADO | G31: =VLOOKUP(G30,$B$6:$C$23,2,0) -> C I WARRIORS COMPANY SAS | I31: =VLOOKUP(I30,$B$6:$C$23,2,0) -> INDUSTRIAS HCM SAS | K31: =VLOOKUP(K30,$B$6:$C$23,2,0) -> Y YO SAS | M31: =VLOOKUP(M30,$B$6:$C$23,2,0) -> C.I. MORASU SAS | O31: =VLOOKUP(O30,$B$6:$C$23,2,0) -> EL DEPORTISTA | Q31: =VLOOKUP(Q30,$B$6:$C$23,2,0) -> DISTRIBUIDORA Y COMERCIALIZADORA E W EL TRIANGULO SAS | S31: =VLOOKUP(S30,$B$6:$C$23,2,0) -> COLCONDI SAS | U31: =VLOOKUP(U30,$B$6:$C$23,2,0) -> E&T SAS | W31: =VLOOKUP(W30,$B$6:$C$23,2,0) -> TRACTOPESADOS SAS | Y31: =VLOOKUP(Y30,$B$6:$C$23,2,0) -> Insudeportes SAS | AA31: =VLOOKUP(AA30,$B$6:$C$23,2,0) -> TEMPOEFECTIVA SAS | AC31: =VLOOKUP(AC30,$B$6:$C$23,2,0) -> Lilia Fanny Guevara Parrado | AE31: =VLOOKUP(AE30,$B$6:$C$23,2,0) -> ACTIVA-T | AG31: =VLOOKUP(AG30,$B$6:$C$23,2,0) -> EFFORT COLOMBIA | AI31: =VLOOKUP(AI30,$B$6:$C$23,2,0) -> MUNDIAL DE SUMINISTROS Y CONTRATOS S.A.S | AK31: =VLOOKUP(AK30,$B$6:$C$23,2,0) -> PEDRO JESUS BLANCO FORERO | AM31: =VLOOKUP(AM30,$B$6:$C$23,2,0) -> FACOMED SAS | AO31: =VLOOKUP(AO30,$B$6:$C$23,2,0) -> INVERSIONES BLUCHER SAS | AQ31: Minimo Permitido Formula 1 (80%) | AR31: Minimo Permitido Formula 2 (mediana-desviación)
F32: =SUM(F33:F144) -> 36610459 | G32: =SUM(G33:G144) -> 36609254 | H32: =IF(G32=0,"",IF(OR(COUNTIF(H33:H144,"No Cumple")>0,G29<$L$6),"No Cumple",IF(COUNTIF(H33:H144,"Aclarar Valor")>0,"Aclarar Valores","Cumple"))) -> No Cumple | I32: =SUM(I33:I144) -> 36610459 | J32: =IF(I32=0,"",IF(OR(COUNTIF(J33:J144,"No Cumple")>0,I29<$L$6),"No Cumple",IF(COUNTIF(J33:J144,"Aclarar Valor")>0,"Aclarar Valores","Cumple"))) -> No Cumple | K32: =IF(SUM(K33:K144)=0,"",SUM(K33:K144)) | L32: Oferta Rechazada | M32: =SUM(M33:M144) -> 36610459 | N32: =IF(M32=0,"",IF(OR(COUNTIF(N33:N144,"No Cumple")>0,M29<$L$6),"No Cumple",IF(COUNTIF(N33:N144,"Aclarar Valor")>0,"Aclarar Valores","Cumple"))) -> No Cumple | O32: =SUM(O33:O144) -> 34596846 | P32: =IF(O32=0,"",IF(OR(COUNTIF(P33:P144,"No Cumple")>0,O29<$L$6),"No Cumple",IF(COUNTIF(P33:P144,"Aclarar Valor")>0,"Aclarar Valores","Cumple"))) -> Cumple | Q32: =SUM(Q33:Q144) -> 36570459 | R32: =IF(Q32=0,"",IF(OR(COUNTIF(R33:R144,"No Cumple")>0,Q29<$L$6),"No Cumple",IF(COUNTIF(R33:R144,"Aclarar Valor")>0,"Aclarar Valores","Cumple"))) -> No Cumple | S32: =SUM(S33:S144) -> 36610235 | T32: =IF(S32=0,"",IF(OR(COUNTIF(T33:T144,"No Cumple")>0,S29<$L$6),"No Cumple",IF(COUNTIF(T33:T144,"Aclarar Valor")>0,"Aclarar Valores","Cumple"))) -> No Cumple | U32: =SUM(U33:U144) -> 36610459 | V32: =IF(U32=0,"",IF(OR(COUNTIF(V33:V144,"No Cumple")>0,U29<$L$6),"No Cumple",IF(COUNTIF(V33:V144,"Aclarar Valor")>0,"Aclarar Valores","Cumple"))) -> No Cumple | W32: =IF(SUM(W33:W144)=0,"",SUM(W33:W144)) | X32: Oferta Rechazada | Y32: =SUM(Y33:Y144) -> 36992957 | Z32: =IF(Y32=0,"",IF(OR(COUNTIF(Z33:Z144,"No Cumple")>0,Y29<$L$6),"No Cumple",IF(COUNTIF(Z33:Z144,"Aclarar Valor")>0,"Aclarar Valores","Cumple"))) -> No Cumple | AA32: =SUM(AA33:AA144) -> 34779936 | AB32: =IF(AA32=0,"",IF(OR(COUNTIF(AB33:AB144,"No Cumple")>0,AA29<$L$6),"No Cumple",IF(COUNTIF(AB33:AB144,"Aclarar Valor")>0,"Aclarar Valores","Cumple"))) -> Cumple | AC32: =SUM(AC33:AC144) -> 36610459 | AD32: =IF(AC32=0,"",IF(OR(COUNTIF(AD33:AD144,"No Cumple")>0,AC29<$L$6),"No Cumple",IF(COUNTIF(AD33:AD144,"Aclarar Valor")>0,"Aclarar Valores","Cumple"))) -> No Cumple | AE32: =SUM(AE33:AE144) -> 36376457 | AF32: =IF(AE32=0,"",IF(OR(COUNTIF(AF33:AF144,"No Cumple")>0,AE29<$L$6),"No Cumple",IF(COUNTIF(AF33:AF144,"Aclarar Valor")>0,"Aclarar Valores","Cumple"))) -> No Cumple | AG32: =SUM(AG33:AG144) -> 36610459 | AH32: =IF(AG32=0,"",IF(OR(COUNTIF(AH33:AH144,"No Cumple")>0,AG29<$L$6),"No Cumple",IF(COUNTIF(AH33:AH144,"Aclarar Valor")>0,"Aclarar Valores","Cumple"))) -> No Cumple | AI32: =SUM(AI33:AI144) -> 34779827 | AJ32: =IF(AI32=0,"",IF(OR(COUNTIF(AJ33:AJ144,"No Cumple")>0,AI29<$L$6),"No Cumple",IF(COUNTIF(AJ33:AJ144,"Aclarar Valor")>0,"Aclarar Valores","Cumple"))) -> Cumple | AK32: =SUM(AK33:AK144) -> 36610459 | AL32: =IF(AK32=0,"",IF(OR(COUNTIF(AL33:AL144,"No Cumple")>0,AK29<$L$6),"No Cumple",IF(COUNTIF(AL33:AL144,"Aclarar Valor")>0,"Aclarar Valores","Cumple"))) -> No Cumple | AM32: =SUM(AM33:AM144) -> 34867104 | AN32: =IF(AM32=0,"",IF(OR(COUNTIF(AN33:AN144,"No Cumple")>0,AM29<$L$6),"No Cumple",IF(COUNTIF(AN33:AN144,"Aclarar Valor")>0,"Aclarar Valores","Cumple"))) -> No Cumple | AO32: =SUM(AO33:AO144) -> 36610459 | AP32: =IF(AO32=0,"",IF(OR(COUNTIF(AP33:AP144,"No Cumple")>0,AO29<$L$6),"No Cumple",IF(COUNTIF(AP33:AP144,"Aclarar Valor")>0,"Aclarar Valores","Cumple"))) -> No Cumple | AQ32: =F32*0.8 -> 29288367 | AR32: =IFERROR(MEDIAN(G32:R32)-STDEV(G32:R32),"") -> 35713182
B33: 1 | C33: Balón de voleibol no. 4 | Debe cumplir como mínimo con los requisitos establecidos en la presente ficha técnica. Federación internacional de voleibol. Fivb. Especificaciones del reglamento técnico del juego. El material de fabricación de la cubierta del balón de voleibol en cuero sintético o poliuretano (pu) número 4: infantil. Circunferencia: 62 - 64 cm. Peso: 210 - 243 g. El balón de voleibol al ser lanzado desde una altura de 2 m. Deberá alcanzaren el primer rebote una distancia de 105a 115cm. | Incluir costos directos e indirectos (impuestos si aplica) y entrega. - Ver Ficha Tecnica Deportes 2022.pdf | D33: UN | E33: 1 | F33: 101421 | G33: 101420 | H33: =IF(G33="","",IF(G33>$F33,"No Cumple",IF(G33<$AQ33,"Aclarar Valor","Cumple"))) -> Cumple | I33: 101421 | J33: =IF(I33="","",IF(I33>$F33,"No Cumple",IF(I33<$AQ33,"Aclarar Valor","Cumple"))) -> Cumple | L33: =IF(K33="","",IF(K33>$F33,"No Cumple",IF(K33<$AQ33,"Aclarar Valor","Cumple"))) | M33: 101421 | N33: =IF(M33="","",IF(M33>$F33,"No Cumple",IF(M33<$AQ33,"Aclarar Valor","Cumple"))) -> Cumple | O33: 95842 | P33: =IF(O33="","",IF(O33>$F33,"No Cumple",IF(O33<$AQ33,"Aclarar Valor","Cumple"))) -> Cumple | Q33: 101421 | R33: =IF(Q33="","",IF(Q33>$F33,"No Cumple",IF(Q33<$AQ33,"Aclarar Valor","Cumple"))) -> Cumple | S33: 101419 | T33: =IF(S33="","",IF(S33>$F33,"No Cumple",IF(S33<$AQ33,"Aclarar Valor","Cumple"))) -> Cumple | U33: 101421 | V33: =IF(U33="","",IF(U33>$F33,"No Cumple",IF(U33<$AQ33,"Aclarar Valor","Cumple"))) -> Cumple | X33: =IF(W33="","",IF(W33>$F33,"No Cumple",IF(W33<$AQ33,"Aclarar Valor","Cumple"))) | Y33: 101420 | Z33: =IF(Y33="","",IF(Y33>$F33,"No Cumple",IF(Y33<$AQ33,"Aclarar Valor","Cumple"))) -> Cumple | AA33: 96349.95 | AB33: =IF(AA33="","",IF(AA33>$F33,"No Cumple",IF(AA33<$AQ33,"Aclarar Valor","Cumple"))) -> Cumple | AC33: 101421 | AD33: =IF(AC33="","",IF(AC33>$F33,"No Cumple",IF(AC33<$AQ33,"Aclarar Valor","Cumple"))) -> Cumple | AE33: 101421 | AF33: =IF(AE33="","",IF(AE33>$F33,"No Cumple",IF(AE33<$AQ33,"Aclarar Valor","Cumple"))) -> Cumple | AG33: 101421 | AH33: =IF(AG33="","",IF(AG33>$F33,"No Cumple",IF(AG33<$AQ33,"Aclarar Valor","Cumple"))) -> Cumple | AI33: 96349 | AJ33: =IF(AI33="","",IF(AI33>$F33,"No Cumple",IF(AI33<$AQ33,"Aclarar Valor","Cumple"))) -> Cumple | AK33: 101421 | AL33: =IF(AK33="","",IF(AK33>$F33,"No Cumple",IF(AK33<$AQ33,"Aclarar Valor","Cumple"))) -> Cumple | AM33: 96591 | AN33: =IF(AM33="","",IF(AM33>$F33,"No Cumple",IF(AM33<$AQ33,"Aclarar Valor","Cumple"))) -> Cumple | AO33: 101421 | AP33: =IF(AO33="","",IF(AO33>$F33,"No Cumple",IF(AO33<$AQ33,"Aclarar Valor","Cumple"))) -> Cumple | AQ33: =F33*0.8 -> 81136.8 | AR33: =IFERROR(MEDIAN(AI33,AA33,W33,O33)-STDEV(AI33,AA33,W33,O33),"") -> 96056.009
B34: 2 | C34: Balón de voleibol no. 5 | Debe cumplir como mínimo con los requisitos establecidos en la presente ficha técnica. Federación internacional de voleibol. Fivb. Especificaciones del reglamento técnico del juego. El material de fabricación de la cubierta del balón de voleibol en cuero sintético o poliuretano (pu). Número 5 para adultos. Circunferencia: 65 - 67 cm. Peso: 260 - 280 g. El balón de voleibol al ser lanzado desde una altura de 2 m. Deberá alcanzaren el primer rebote una distancia de 105a 115cm. | Incluir costos directos e indirectos (impuestos si aplica) y entrega. - Ver Anexo tecnico | D34: UN | E34: 1 | F34: 101421 | G34: 101420 | H34: =IF(G34="","",IF(G34>$F34,"No Cumple",IF(G34<$AQ34,"Aclarar Valor","Cumple"))) -> Cumple | I34: 101421 | J34: =IF(I34="","",IF(I34>$F34,"No Cumple",IF(I34<$AQ34,"Aclarar Valor","Cumple"))) -> Cumple | L34: =IF(K34="","",IF(K34>$F34,"No Cumple",IF(K34<$AQ34,"Aclarar Valor","Cumple"))) | M34: 101421 | N34: =IF(M34="","",IF(M34>$F34,"No Cumple",IF(M34<$AQ34,"Aclarar Valor","Cumple"))) -> Cumple | O34: 95842 | P34: =IF(O34="","",IF(O34>$F34,"No Cumple",IF(O34<$AQ34,"Aclarar Valor","Cumple"))) -> Cumple | Q34: 101421 | R34: =IF(Q34="","",IF(Q34>$F34,"No Cumple",IF(Q34<$AQ34,"Aclarar Valor","Cumple"))) -> Cumple | S34: 101419 | T34: =IF(S34="","",IF(S34>$F34,"No Cumple",IF(S34<$AQ34,"Aclarar Valor","Cumple"))) -> Cumple | U34: 101421 | V34: =IF(U34="","",IF(U34>$F34,"No Cumple",IF(U34<$AQ34,"Aclarar Valor","Cumple"))) -> Cumple | X34: =IF(W34="","",IF(W34>$F34,"No Cumple",IF(W34<$AQ34,"Aclarar Valor","Cumple"))) | Y34: 101420 | Z34: =IF(Y34="","",IF(Y34>$F34,"No Cumple",IF(Y34<$AQ34,"Aclarar Valor","Cumple"))) -> Cumple | AA34: 96349.95 | AB34: =IF(AA34="","",IF(AA34>$F34,"No Cumple",IF(AA34<$AQ34,"Aclarar Valor","Cumple"))) -> Cumple | AC34: 101421 | AD34: =IF(AC34="","",IF(AC34>$F34,"No Cumple",IF(AC34<$AQ34,"Aclarar Valor","Cumple"))) -> Cumple | AE34: 101421 | AF34: =IF(AE34="","",IF(AE34>$F34,"No Cumple",IF(AE34<$AQ34,"Aclarar Valor","Cumple"))) -> Cumple | AG34: 101421 | AH34: =IF(AG34="","",IF(AG34>$F34,"No Cumple",IF(AG34<$AQ34,"Aclarar Valor","Cumple"))) -> Cumple | AI34: 96349 | AJ34: =IF(AI34="","",IF(AI34>$F34,"No Cumple",IF(AI34<$AQ34,"Aclarar Valor","Cumple"))) -> Cumple | AK34: 101421 | AL34: =IF(AK34="","",IF(AK34>$F34,"No Cumple",IF(AK34<$AQ34,"Aclarar Valor","Cumple"))) -> Cumple | AM34: 96591 | AN34: =IF(AM34="","",IF(AM34>$F34,"No Cumple",IF(AM34<$AQ34,"Aclarar Valor","Cumple"))) -> Cumple | AO34: 101421 | AP34: =IF(AO34="","",IF(AO34>$F34,"No Cumple",IF(AO34<$AQ34,"Aclarar Valor","Cumple"))) -> Cumple | AQ34: =F34*0.8 -> 81136.8 | AR34: =IFERROR(MEDIAN(AI34,AA34,W34,O34)-STDEV(AI34,AA34,W34,O34),"") -> 96056.009
B35: 3 | C35: Balón de futbol no. 3 | Debe cumplir como mínimo con los requisitos establecidos en la presente ficha técnica. Federación internacional de fútbol. Fifa. Especificaciones del reglamento técnico. Balones fútbol: número 3: junior. Niños hasta 8 años. Circunferencia: 58 - 60.9 cm peso: mín. 300 - 340 g | Incluir costos directos e indirectos (impuestos si aplica) y entrega. - Ver Anexo tecnico | D35: UN | E35: 1 | F35: 85220 | G35: 85215 | H35: =IF(G35="","",IF(G35>$F35,"No Cumple",IF(G35<$AQ35,"Aclarar Valor","Cumple"))) -> Cumple | I35: 85220 | J35: =IF(I35="","",IF(I35>$F35,"No Cumple",IF(I35<$AQ35,"Aclarar Valor","Cumple"))) -> Cumple | L35: =IF(K35="","",IF(K35>$F35,"No Cumple",IF(K35<$AQ35,"Aclarar Valor","Cumple"))) | M35: 85220 | N35: =IF(M35="","",IF(M35>$F35,"No Cumple",IF(M35<$AQ35,"Aclarar Valor","Cumple"))) -> Cumple | O35: 80532 | P35: =IF(O35="","",IF(O35>$F35,"No Cumple",IF(O35<$AQ35,"Aclarar Valor","Cumple"))) -> Cumple | Q35: 85220 | R35: =IF(Q35="","",IF(Q35>$F35,"No Cumple",IF(Q35<$AQ35,"Aclarar Valor","Cumple"))) -> Cumple | S35: 85218 | T35: =IF(S35="","",IF(S35>$F35,"No Cumple",IF(S35<$AQ35,"Aclarar Valor","Cumple"))) -> Cumple | U35: 85220 | V35: =IF(U35="","",IF(U35>$F35,"No Cumple",IF(U35<$AQ35,"Aclarar Valor","Cumple"))) -> Cumple | X35: =IF(W35="","",IF(W35>$F35,"No Cumple",IF(W35<$AQ35,"Aclarar Valor","Cumple"))) | Y35: 85220 | Z35: =IF(Y35="","",IF(Y35>$F35,"No Cumple",IF(Y35<$AQ35,"Aclarar Valor","Cumple"))) -> Cumple | AA35: 80959 | AB35: =IF(AA35="","",IF(AA35>$F35,"No Cumple",IF(AA35<$AQ35,"Aclarar Valor","Cumple"))) -> Cumple | AC35: 85220 | AD35: =IF(AC35="","",IF(AC35>$F35,"No Cumple",IF(AC35<$AQ35,"Aclarar Valor","Cumple"))) -> Cumple | AE35: 85220 | AF35: =IF(AE35="","",IF(AE35>$F35,"No Cumple",IF(AE35<$AQ35,"Aclarar Valor","Cumple"))) -> Cumple | AG35: 85220 | AH35: =IF(AG35="","",IF(AG35>$F35,"No Cumple",IF(AG35<$AQ35,"Aclarar Valor","Cumple"))) -> Cumple | AI35: 80958 | AJ35: =IF(AI35="","",IF(AI35>$F35,"No Cumple",IF(AI35<$AQ35,"Aclarar Valor","Cumple"))) -> Cumple | AK35: 85220 | AL35: =IF(AK35="","",IF(AK35>$F35,"No Cumple",IF(AK35<$AQ35,"Aclarar Valor","Cumple"))) -> Cumple | AM35: 81162 | AN35: =IF(AM35="","",IF(AM35>$F35,"No Cumple",IF(AM35<$AQ35,"Aclarar Valor","Cumple"))) -> Cumple | AO35: 85220 | AP35: =IF(AO35="","",IF(AO35>$F35,"No Cumple",IF(AO35<$AQ35,"Aclarar Valor","Cumple"))) -> Cumple | AQ35: =F35*0.8 -> 68176 | AR35: =IFERROR(MEDIAN(AI35,AA35,W35,O35)-STDEV(AI35,AA35,W35,O35),"") -> 80711.76
B36: 4 | C36: Balón de futbol no. 4 | Debe cumplir como mínimo con los requisitos establecidos en la presente ficha técnica. Federación internacional de fútbol. Fifa. Especificaciones del reglamento técnico. Balones fútbol: número 4: infantil. Niños entre 8 y 12 años. Circunferencia: 63.5 - 66 cm peso: 350 - 390 g | Incluir costos directos e indirectos (impuestos si aplica) y entrega. - Ver Anexo tecnico | D36: UN | E36: 1 | F36: 82082 | G36: 82080 | H36: =IF(G36="","",IF(G36>$F36,"No Cumple",IF(G36<$AQ36,"Aclarar Valor","Cumple"))) -> Cumple | I36: 82082 | J36: =IF(I36="","",IF(I36>$F36,"No Cumple",IF(I36<$AQ36,"Aclarar Valor","Cumple"))) -> Cumple | L36: =IF(K36="","",IF(K36>$F36,"No Cumple",IF(K36<$AQ36,"Aclarar Valor","Cumple"))) | M36: 82082 | N36: =IF(M36="","",IF(M36>$F36,"No Cumple",IF(M36<$AQ36,"Aclarar Valor","Cumple"))) -> Cumple | O36: 77567 | P36: =IF(O36="","",IF(O36>$F36,"No Cumple",IF(O36<$AQ36,"Aclarar Valor","Cumple"))) -> Cumple | Q36: 82082 | R36: =IF(Q36="","",IF(Q36>$F36,"No Cumple",IF(Q36<$AQ36,"Aclarar Valor","Cumple"))) -> Cumple | S36: 82080 | T36: =IF(S36="","",IF(S36>$F36,"No Cumple",IF(S36<$AQ36,"Aclarar Valor","Cumple"))) -> Cumple | U36: 82082 | V36: =IF(U36="","",IF(U36>$F36,"No Cumple",IF(U36<$AQ36,"Aclarar Valor","Cumple"))) -> Cumple | X36: =IF(W36="","",IF(W36>$F36,"No Cumple",IF(W36<$AQ36,"Aclarar Valor","Cumple"))) | Y36: 82082 | Z36: =IF(Y36="","",IF(Y36>$F36,"No Cumple",IF(Y36<$AQ36,"Aclarar Valor","Cumple"))) -> Cumple | AA36: 77977.9 | AB36: =IF(AA36="","",IF(AA36>$F36,"No Cumple",IF(AA36<$AQ36,"Aclarar Valor","Cumple"))) -> Cumple | AC36: 82082 | AD36: =IF(AC36="","",IF(AC36>$F36,"No Cumple",IF(AC36<$AQ36,"Aclarar Valor","Cumple"))) -> Cumple | AE36: 82082 | AF36: =IF(AE36="","",IF(AE36>$F36,"No Cumple",IF(AE36<$AQ36,"Aclarar Valor","Cumple"))) -> Cumple | AG36: 82082 | AH36: =IF(AG36="","",IF(AG36>$F36,"No Cumple",IF(AG36<$AQ36,"Aclarar Valor","Cumple"))) -> Cumple | AI36: 77977 | AJ36: =IF(AI36="","",IF(AI36>$F36,"No Cumple",IF(AI36<$AQ36,"Aclarar Valor","Cumple"))) -> Cumple | AK36: 82082 | AL36: =IF(AK36="","",IF(AK36>$F36,"No Cumple",IF(AK36<$AQ36,"Aclarar Valor","Cumple"))) -> Cumple | AM36: 78173 | AN36: =IF(AM36="","",IF(AM36>$F36,"No Cumple",IF(AM36<$AQ36,"Aclarar Valor","Cumple"))) -> Cumple | AO36: 82082 | AP36: =IF(AO36="","",IF(AO36>$F36,"No Cumple",IF(AO36<$AQ36,"Aclarar Valor","Cumple"))) -> Cumple | AQ36: =F36*0.8 -> 65665.6 | AR36: =IFERROR(MEDIAN(AI36,AA36,W36,O36)-STDEV(AI36,AA36,W36,O36),"") -> 77740.026
B37: 5 | C37: Balón de futbol no. 5 | Debe cumplir como mínimo con los requisitos establecidos en la presente ficha técnica. Federación internacional de fútbol. Fifa. Especificaciones del reglamento técnico. Balones fútbol: número 5: adulto. Personas de más de 13 años. Circunferencia: 68 - 70 cm. Peso: 410 - 450 g | Incluir costos directos e indirectos (impuestos si aplica) y entrega. - Ver Anexo tecnico | D37: UN | E37: 1 | F37: 96129 | G37: 96125 | H37: =IF(G37="","",IF(G37>$F37,"No Cumple",IF(G37<$AQ37,"Aclarar Valor","Cumple"))) -> Cumple | I37: 96129 | J37: =IF(I37="","",IF(I37>$F37,"No Cumple",IF(I37<$AQ37,"Aclarar Valor","Cumple"))) -> Cumple | L37: =IF(K37="","",IF(K37>$F37,"No Cumple",IF(K37<$AQ37,"Aclarar Valor","Cumple"))) | M37: 96129 | N37: =IF(M37="","",IF(M37>$F37,"No Cumple",IF(M37<$AQ37,"Aclarar Valor","Cumple"))) -> Cumple | O37: 90841 | P37: =IF(O37="","",IF(O37>$F37,"No Cumple",IF(O37<$AQ37,"Aclarar Valor","Cumple"))) -> Cumple | Q37: 96129 | R37: =IF(Q37="","",IF(Q37>$F37,"No Cumple",IF(Q37<$AQ37,"Aclarar Valor","Cumple"))) -> Cumple | S37: 96127 | T37: =IF(S37="","",IF(S37>$F37,"No Cumple",IF(S37<$AQ37,"Aclarar Valor","Cumple"))) -> Cumple | U37: 96129 | V37: =IF(U37="","",IF(U37>$F37,"No Cumple",IF(U37<$AQ37,"Aclarar Valor","Cumple"))) -> Cumple | X37: =IF(W37="","",IF(W37>$F37,"No Cumple",IF(W37<$AQ37,"Aclarar Valor","Cumple"))) | Y37: 96129 | Z37: =IF(Y37="","",IF(Y37>$F37,"No Cumple",IF(Y37<$AQ37,"Aclarar Valor","Cumple"))) -> Cumple | AA37: 91322.55 | AB37: =IF(AA37="","",IF(AA37>$F37,"No Cumple",IF(AA37<$AQ37,"Aclarar Valor","Cumple"))) -> Cumple | AC37: 96129 | AD37: =IF(AC37="","",IF(AC37>$F37,"No Cumple",IF(AC37<$AQ37,"Aclarar Valor","Cumple"))) -> Cumple | AE37: 96129 | AF37: =IF(AE37="","",IF(AE37>$F37,"No Cumple",IF(AE37<$AQ37,"Aclarar Valor","Cumple"))) -> Cumple | AG37: 96129 | AH37: =IF(AG37="","",IF(AG37>$F37,"No Cumple",IF(AG37<$AQ37,"Aclarar Valor","Cumple"))) -> Cumple | AI37: 91322 | AJ37: =IF(AI37="","",IF(AI37>$F37,"No Cumple",IF(AI37<$AQ37,"Aclarar Valor","Cumple"))) -> Cumple | AK37: 96129 | AL37: =IF(AK37="","",IF(AK37>$F37,"No Cumple",IF(AK37<$AQ37,"Aclarar Valor","Cumple"))) -> Cumple | AM37: 91551 | AN37: =IF(AM37="","",IF(AM37>$F37,"No Cumple",IF(AM37<$AQ37,"Aclarar Valor","Cumple"))) -> Cumple | AO37: 96129 | AP37: =IF(AO37="","",IF(AO37>$F37,"No Cumple",IF(AO37<$AQ37,"Aclarar Valor","Cumple"))) -> Cumple | AQ37: =F37*0.8 -> 76903.2 | AR37: =IFERROR(MEDIAN(AI37,AA37,W37,O37)-STDEV(AI37,AA37,W37,O37),"") -> 91044.136
B38: 6 | C38: Balón de baloncesto no. 3 | Debe cumplir como mínimo con los requisitos establecidos en la presente ficha técnica. Federación internacional de baloncesto. Fiba. Especificaciones del reglamento técnico del juego. El material de fabricación de la cubierta del balón de voleibol en cuero sintético o compuesto o goma, outdoor (espacios al aire libre) balón no. 3: circunferencia: 55 - 58 cm peso: 300 - 350 g el balón de baloncesto al ser lanzado desde una altura de 1,80 m. Deberá alcanzar en el primer rebote una distancia de 1,20 a 1,40 m. | Incluir costos directos e indirectos (impuestos si aplica) y entrega. - Ver Anexo tecnico | D38: UN | E38: 1 | F38: 16677 | G38: 16675 | H38: =IF(G38="","",IF(G38>$F38,"No Cumple",IF(G38<$AQ38,"Aclarar Valor","Cumple"))) -> Cumple | I38: 16677 | J38: =IF(I38="","",IF(I38>$F38,"No Cumple",IF(I38<$AQ38,"Aclarar Valor","Cumple"))) -> Cumple | L38: =IF(K38="","",IF(K38>$F38,"No Cumple",IF(K38<$AQ38,"Aclarar Valor","Cumple"))) | M38: 16677 | N38: =IF(M38="","",IF(M38>$F38,"No Cumple",IF(M38<$AQ38,"Aclarar Valor","Cumple"))) -> Cumple | O38: 15759 | P38: =IF(O38="","",IF(O38>$F38,"No Cumple",IF(O38<$AQ38,"Aclarar Valor","Cumple"))) -> Cumple | Q38: 16677 | R38: =IF(Q38="","",IF(Q38>$F38,"No Cumple",IF(Q38<$AQ38,"Aclarar Valor","Cumple"))) -> Cumple | S38: 16675 | T38: =IF(S38="","",IF(S38>$F38,"No Cumple",IF(S38<$AQ38,"Aclarar Valor","Cumple"))) -> Cumple | U38: 16677 | V38: =IF(U38="","",IF(U38>$F38,"No Cumple",IF(U38<$AQ38,"Aclarar Valor","Cumple"))) -> Cumple | X38: =IF(W38="","",IF(W38>$F38,"No Cumple",IF(W38<$AQ38,"Aclarar Valor","Cumple"))) | Y38: 16677 | Z38: =IF(Y38="","",IF(Y38>$F38,"No Cumple",IF(Y38<$AQ38,"Aclarar Valor","Cumple"))) -> Cumple | AA38: 15843.15 | AB38: =IF(AA38="","",IF(AA38>$F38,"No Cumple",IF(AA38<$AQ38,"Aclarar Valor","Cumple"))) -> Cumple | AC38: 16677 | AD38: =IF(AC38="","",IF(AC38>$F38,"No Cumple",IF(AC38<$AQ38,"Aclarar Valor","Cumple"))) -> Cumple | AE38: 16677 | AF38: =IF(AE38="","",IF(AE38>$F38,"No Cumple",IF(AE38<$AQ38,"Aclarar Valor","Cumple"))) -> Cumple | AG38: 16677 | AH38: =IF(AG38="","",IF(AG38>$F38,"No Cumple",IF(AG38<$AQ38,"Aclarar Valor","Cumple"))) -> Cumple | AI38: 15842 | AJ38: =IF(AI38="","",IF(AI38>$F38,"No Cumple",IF(AI38<$AQ38,"Aclarar Valor","Cumple"))) -> Cumple | AK38: 16677 | AL38: =IF(AK38="","",IF(AK38>$F38,"No Cumple",IF(AK38<$AQ38,"Aclarar Valor","Cumple"))) -> Cumple | AM38: 15883 | AN38: =IF(AM38="","",IF(AM38>$F38,"No Cumple",IF(AM38<$AQ38,"Aclarar Valor","Cumple"))) -> Cumple | AO38: 16677 | AP38: =IF(AO38="","",IF(AO38>$F38,"No Cumple",IF(AO38<$AQ38,"Aclarar Valor","Cumple"))) -> Cumple | AQ38: =F38*0.8 -> 13341.6 | AR38: =IFERROR(MEDIAN(AI38,AA38,W38,O38)-STDEV(AI38,AA38,W38,O38),"") -> 15793.745
B39: 7 | C39: Balón de baloncesto no. 5 | Debe cumplir como mínimo con los requisitos establecidos en la presente ficha técnica. Federación internacional de baloncesto. Fiba. Especificaciones del reglamento técnico del juego. El material de fabricación de la cubierta del balón de voleibol en cuero sintético o compuesto o goma, outdoor (espacios al aire libre) balón no. 5: circunferencia: 69 - 70 cm peso: 470 - 510 g. El balón de baloncesto al ser lanzado desde una altura de 1,80 m. Deberá alcanzar en el primer rebote una distancia de 1,20 a 1,40 m. | Incluir costos directos e indirectos (impuestos si aplica) y entrega. - Ver Anexo tecnico | D39: UN | E39: 1 | F39: 130199 | G39: 130195 | H39: =IF(G39="","",IF(G39>$F39,"No Cumple",IF(G39<$AQ39,"Aclarar Valor","Cumple"))) -> Cumple | I39: 130199 | J39: =IF(I39="","",IF(I39>$F39,"No Cumple",IF(I39<$AQ39,"Aclarar Valor","Cumple"))) -> Cumple | L39: =IF(K39="","",IF(K39>$F39,"No Cumple",IF(K39<$AQ39,"Aclarar Valor","Cumple"))) | M39: 130199 | N39: =IF(M39="","",IF(M39>$F39,"No Cumple",IF(M39<$AQ39,"Aclarar Valor","Cumple"))) -> Cumple | O39: 123038 | P39: =IF(O39="","",IF(O39>$F39,"No Cumple",IF(O39<$AQ39,"Aclarar Valor","Cumple"))) -> Cumple | Q39: 130199 | R39: =IF(Q39="","",IF(Q39>$F39,"No Cumple",IF(Q39<$AQ39,"Aclarar Valor","Cumple"))) -> Cumple | S39: 130197 | T39: =IF(S39="","",IF(S39>$F39,"No Cumple",IF(S39<$AQ39,"Aclarar Valor","Cumple"))) -> Cumple | U39: 130199 | V39: =IF(U39="","",IF(U39>$F39,"No Cumple",IF(U39<$AQ39,"Aclarar Valor","Cumple"))) -> Cumple | X39: =IF(W39="","",IF(W39>$F39,"No Cumple",IF(W39<$AQ39,"Aclarar Valor","Cumple"))) | Y39: 130199 | Z39: =IF(Y39="","",IF(Y39>$F39,"No Cumple",IF(Y39<$AQ39,"Aclarar Valor","Cumple"))) -> Cumple | AA39: 123689.05 | AB39: =IF(AA39="","",IF(AA39>$F39,"No Cumple",IF(AA39<$AQ39,"Aclarar Valor","Cumple"))) -> Cumple | AC39: 130199 | AD39: =IF(AC39="","",IF(AC39>$F39,"No Cumple",IF(AC39<$AQ39,"Aclarar Valor","Cumple"))) -> Cumple | AE39: 130199 | AF39: =IF(AE39="","",IF(AE39>$F39,"No Cumple",IF(AE39<$AQ39,"Aclarar Valor","Cumple"))) -> Cumple | AG39: 130199 | AH39: =IF(AG39="","",IF(AG39>$F39,"No Cumple",IF(AG39<$AQ39,"Aclarar Valor","Cumple"))) -> Cumple | AI39: 123688 | AJ39: =IF(AI39="","",IF(AI39>$F39,"No Cumple",IF(AI39<$AQ39,"Aclarar Valor","Cumple"))) -> Cumple | AK39: 130199 | AL39: =IF(AK39="","",IF(AK39>$F39,"No Cumple",IF(AK39<$AQ39,"Aclarar Valor","Cumple"))) -> Cumple | AM39: 123999 | AN39: =IF(AM39="","",IF(AM39>$F39,"No Cumple",IF(AM39<$AQ39,"Aclarar Valor","Cumple"))) -> Cumple | AO39: 130199 | AP39: =IF(AO39="","",IF(AO39>$F39,"No Cumple",IF(AO39<$AQ39,"Aclarar Valor","Cumple"))) -> Cumple | AQ39: =F39*0.8 -> 104159.2 | AR39: =IFERROR(MEDIAN(AI39,AA39,W39,O39)-STDEV(AI39,AA39,W39,O39),"") -> 123312.42
B40: 8 | C40: Balón de baloncesto no. 6 | Debe cumplir como mínimo con los requisitos establecidos en la presente ficha técnica. Federación internacional de baloncesto. Fiba. Especificaciones del reglamento técnico del juego. El material de fabricación de la cubierta del balón de voleibol en cuero sintético o compuesto o goma, outdoor (espacios al aire libre) balón no. 6: circunferencia: 72 - 74 cm peso: 510 - 567 g el balón de baloncesto al ser lanzado desde una altura de 1,80 m. Deberá alcanzar en el primer rebote una distancia de 1,20 a 1,40 m. | Incluir costos directos e indirectos (impuestos si aplica) y entrega. - Ver Anexo tecnico | D40: UN | E40: 1 | F40: 91809 | G40: 91805 | H40: =IF(G40="","",IF(G40>$F40,"No Cumple",IF(G40<$AQ40,"Aclarar Valor","Cumple"))) -> Cumple | I40: 91809 | J40: =IF(I40="","",IF(I40>$F40,"No Cumple",IF(I40<$AQ40,"Aclarar Valor","Cumple"))) -> Cumple | L40: =IF(K40="","",IF(K40>$F40,"No Cumple",IF(K40<$AQ40,"Aclarar Valor","Cumple"))) | M40: 91809 | N40: =IF(M40="","",IF(M40>$F40,"No Cumple",IF(M40<$AQ40,"Aclarar Valor","Cumple"))) -> Cumple | O40: 86759 | P40: =IF(O40="","",IF(O40>$F40,"No Cumple",IF(O40<$AQ40,"Aclarar Valor","Cumple"))) -> Cumple | Q40: 91809 | R40: =IF(Q40="","",IF(Q40>$F40,"No Cumple",IF(Q40<$AQ40,"Aclarar Valor","Cumple"))) -> Cumple | S40: 91807 | T40: =IF(S40="","",IF(S40>$F40,"No Cumple",IF(S40<$AQ40,"Aclarar Valor","Cumple"))) -> Cumple | U40: 91809 | V40: =IF(U40="","",IF(U40>$F40,"No Cumple",IF(U40<$AQ40,"Aclarar Valor","Cumple"))) -> Cumple | X40: =IF(W40="","",IF(W40>$F40,"No Cumple",IF(W40<$AQ40,"Aclarar Valor","Cumple"))) | Y40: 91809 | Z40: =IF(Y40="","",IF(Y40>$F40,"No Cumple",IF(Y40<$AQ40,"Aclarar Valor","Cumple"))) -> Cumple | AA40: 87218.55 | AB40: =IF(AA40="","",IF(AA40>$F40,"No Cumple",IF(AA40<$AQ40,"Aclarar Valor","Cumple"))) -> Cumple | AC40: 91809 | AD40: =IF(AC40="","",IF(AC40>$F40,"No Cumple",IF(AC40<$AQ40,"Aclarar Valor","Cumple"))) -> Cumple | AE40: 91809 | AF40: =IF(AE40="","",IF(AE40>$F40,"No Cumple",IF(AE40<$AQ40,"Aclarar Valor","Cumple"))) -> Cumple | AG40: 91809 | AH40: =IF(AG40="","",IF(AG40>$F40,"No Cumple",IF(AG40<$AQ40,"Aclarar Valor","Cumple"))) -> Cumple | AI40: 87218 | AJ40: =IF(AI40="","",IF(AI40>$F40,"No Cumple",IF(AI40<$AQ40,"Aclarar Valor","Cumple"))) -> Cumple | AK40: 91809 | AL40: =IF(AK40="","",IF(AK40>$F40,"No Cumple",IF(AK40<$AQ40,"Aclarar Valor","Cumple"))) -> Cumple | AM40: 87437 | AN40: =IF(AM40="","",IF(AM40>$F40,"No Cumple",IF(AM40<$AQ40,"Aclarar Valor","Cumple"))) -> Cumple | AO40: 91809 | AP40: =IF(AO40="","",IF(AO40>$F40,"No Cumple",IF(AO40<$AQ40,"Aclarar Valor","Cumple"))) -> Cumple | AQ40: =F40*0.8 -> 73447.2 | AR40: =IFERROR(MEDIAN(AI40,AA40,W40,O40)-STDEV(AI40,AA40,W40,O40),"") -> 86952.837
B41: 9 | C41: Balón de baloncesto no. 7 | Debe cumplir como mínimo con los requisitos establecidos en la presente ficha técnica. Federación internacional de baloncesto. Fiba. Especificaciones del reglamento técnico del juego. El material de fabricación de la cubierta del balón de voleibol en cuero sintético o compuesto o goma, outdoor (espacios al aire libre) balón no. 7: circunferencia: 74.9 - 78 cm peso: 567 - 650 g el balón de baloncesto al ser lanzado desde una altura de 1,80 m. Deberá alcanzar en el primer rebote una distancia de 1,20 a 1,40 m. | Incluir costos directos e indirectos (impuestos si aplica) y entrega. - Ver Anexo tecnico | D41: UN | E41: 1 | F41: 93375 | G41: 93370 | H41: =IF(G41="","",IF(G41>$F41,"No Cumple",IF(G41<$AQ41,"Aclarar Valor","Cumple"))) -> Cumple | I41: 93375 | J41: =IF(I41="","",IF(I41>$F41,"No Cumple",IF(I41<$AQ41,"Aclarar Valor","Cumple"))) -> Cumple | L41: =IF(K41="","",IF(K41>$F41,"No Cumple",IF(K41<$AQ41,"Aclarar Valor","Cumple"))) | M41: 93375 | N41: =IF(M41="","",IF(M41>$F41,"No Cumple",IF(M41<$AQ41,"Aclarar Valor","Cumple"))) -> Cumple | O41: 88239 | P41: =IF(O41="","",IF(O41>$F41,"No Cumple",IF(O41<$AQ41,"Aclarar Valor","Cumple"))) -> Cumple | Q41: 93375 | R41: =IF(Q41="","",IF(Q41>$F41,"No Cumple",IF(Q41<$AQ41,"Aclarar Valor","Cumple"))) -> Cumple | S41: 93373 | T41: =IF(S41="","",IF(S41>$F41,"No Cumple",IF(S41<$AQ41,"Aclarar Valor","Cumple"))) -> Cumple | U41: 93375 | V41: =IF(U41="","",IF(U41>$F41,"No Cumple",IF(U41<$AQ41,"Aclarar Valor","Cumple"))) -> Cumple | X41: =IF(W41="","",IF(W41>$F41,"No Cumple",IF(W41<$AQ41,"Aclarar Valor","Cumple"))) | Y41: 93375 | Z41: =IF(Y41="","",IF(Y41>$F41,"No Cumple",IF(Y41<$AQ41,"Aclarar Valor","Cumple"))) -> Cumple | AA41: 88706.25 | AB41: =IF(AA41="","",IF(AA41>$F41,"No Cumple",IF(AA41<$AQ41,"Aclarar Valor","Cumple"))) -> Cumple | AC41: 93375 | AD41: =IF(AC41="","",IF(AC41>$F41,"No Cumple",IF(AC41<$AQ41,"Aclarar Valor","Cumple"))) -> Cumple | AE41: 93375 | AF41: =IF(AE41="","",IF(AE41>$F41,"No Cumple",IF(AE41<$AQ41,"Aclarar Valor","Cumple"))) -> Cumple | AG41: 93375 | AH41: =IF(AG41="","",IF(AG41>$F41,"No Cumple",IF(AG41<$AQ41,"Aclarar Valor","Cumple"))) -> Cumple | AI41: 88705 | AJ41: =IF(AI41="","",IF(AI41>$F41,"No Cumple",IF(AI41<$AQ41,"Aclarar Valor","Cumple"))) -> Cumple | AK41: 93375 | AL41: =IF(AK41="","",IF(AK41>$F41,"No Cumple",IF(AK41<$AQ41,"Aclarar Valor","Cumple"))) -> Cumple | AM41: 88929 | AN41: =IF(AM41="","",IF(AM41>$F41,"No Cumple",IF(AM41<$AQ41,"Aclarar Valor","Cumple"))) -> Cumple | AO41: 93375 | AP41: =IF(AO41="","",IF(AO41>$F41,"No Cumple",IF(AO41<$AQ41,"Aclarar Valor","Cumple"))) -> Cumple | AQ41: =F41*0.8 -> 74700 | AR41: =IFERROR(MEDIAN(AI41,AA41,W41,O41)-STDEV(AI41,AA41,W41,O41),"") -> 88435.593
B42: 10 | C42: Balón de futbol de salón | Debe cumplir como mínimo con los requisitos establecidos en la presente ficha técnica. Federación internacional de fútbol de salón. Amf. Especificaciones del reglamento técnico. Balones micro fútbol o fútbol de salón cuero pvc laminado tamaño 3/5 peso 440 a 450g circunferencia 60 a 62 cm rebote 25 a 35cm | Incluir costos directos e indirectos (impuestos si aplica) y entrega. - Ver Anexo tecnico | D42: UN | E42: 1 | F42: 122932 | G42: 122930 | H42: =IF(G42="","",IF(G42>$F42,"No Cumple",IF(G42<$AQ42,"Aclarar Valor","Cumple"))) -> Cumple | I42: 122932 | J42: =IF(I42="","",IF(I42>$F42,"No Cumple",IF(I42<$AQ42,"Aclarar Valor","Cumple"))) -> Cumple | L42: =IF(K42="","",IF(K42>$F42,"No Cumple",IF(K42<$AQ42,"Aclarar Valor","Cumple"))) | M42: 122932 | N42: =IF(M42="","",IF(M42>$F42,"No Cumple",IF(M42<$AQ42,"Aclarar Valor","Cumple"))) -> Cumple | O42: 116170 | P42: =IF(O42="","",IF(O42>$F42,"No Cumple",IF(O42<$AQ42,"Aclarar Valor","Cumple"))) -> Cumple | Q42: 122932 | R42: =IF(Q42="","",IF(Q42>$F42,"No Cumple",IF(Q42<$AQ42,"Aclarar Valor","Cumple"))) -> Cumple | S42: 122930 | T42: =IF(S42="","",IF(S42>$F42,"No Cumple",IF(S42<$AQ42,"Aclarar Valor","Cumple"))) -> Cumple | U42: 122932 | V42: =IF(U42="","",IF(U42>$F42,"No Cumple",IF(U42<$AQ42,"Aclarar Valor","Cumple"))) -> Cumple | X42: =IF(W42="","",IF(W42>$F42,"No Cumple",IF(W42<$AQ42,"Aclarar Valor","Cumple"))) | Y42: 122932 | Z42: =IF(Y42="","",IF(Y42>$F42,"No Cumple",IF(Y42<$AQ42,"Aclarar Valor","Cumple"))) -> Cumple | AA42: 116785.4 | AB42: =IF(AA42="","",IF(AA42>$F42,"No Cumple",IF(AA42<$AQ42,"Aclarar Valor","Cumple"))) -> Cumple | AC42: 122932 | AD42: =IF(AC42="","",IF(AC42>$F42,"No Cumple",IF(AC42<$AQ42,"Aclarar Valor","Cumple"))) -> Cumple | AE42: 122932 | AF42: =IF(AE42="","",IF(AE42>$F42,"No Cumple",IF(AE42<$AQ42,"Aclarar Valor","Cumple"))) -> Cumple | AG42: 122932 | AH42: =IF(AG42="","",IF(AG42>$F42,"No Cumple",IF(AG42<$AQ42,"Aclarar Valor","Cumple"))) -> Cumple | AI42: 116784 | AJ42: =IF(AI42="","",IF(AI42>$F42,"No Cumple",IF(AI42<$AQ42,"Aclarar Valor","Cumple"))) -> Cumple | AK42: 122932 | AL42: =IF(AK42="","",IF(AK42>$F42,"No Cumple",IF(AK42<$AQ42,"Aclarar Valor","Cumple"))) -> Cumple | AM42: 117078 | AN42: =IF(AM42="","",IF(AM42>$F42,"No Cumple",IF(AM42<$AQ42,"Aclarar Valor","Cumple"))) -> Cumple | AO42: 122932 | AP42: =IF(AO42="","",IF(AO42>$F42,"No Cumple",IF(AO42<$AQ42,"Aclarar Valor","Cumple"))) -> Cumple | AQ42: =F42*0.8 -> 98345.6 | AR42: =IFERROR(MEDIAN(AI42,AA42,W42,O42)-STDEV(AI42,AA42,W42,O42),"") -> 116429.1
B43: 11 | C43: Balón inestable en goma | Debe cumplir como mínimo con los requisitos establecidos en la presente ficha técnica. Textura granulosa que proporciona retroalimentación sensorial a las terminaciones nerviosas de los pies a la vez que provee la sensación de masaje, superficie antideslizante, diámetro base: 35 cm | Incluir costos directos e indirectos (impuestos si aplica) y entrega. - Ver Anexo tecnico | D43: UN | E43: 1 | F43: 52925 | G43: 52920 | H43: =IF(G43="","",IF(G43>$F43,"No Cumple",IF(G43<$AQ43,"Aclarar Valor","Cumple"))) -> Cumple | I43: 52925 | J43: =IF(I43="","",IF(I43>$F43,"No Cumple",IF(I43<$AQ43,"Aclarar Valor","Cumple"))) -> Cumple | L43: =IF(K43="","",IF(K43>$F43,"No Cumple",IF(K43<$AQ43,"Aclarar Valor","Cumple"))) | M43: 52925 | N43: =IF(M43="","",IF(M43>$F43,"No Cumple",IF(M43<$AQ43,"Aclarar Valor","Cumple"))) -> Cumple | O43: 50014 | P43: =IF(O43="","",IF(O43>$F43,"No Cumple",IF(O43<$AQ43,"Aclarar Valor","Cumple"))) -> Cumple | Q43: 52925 | R43: =IF(Q43="","",IF(Q43>$F43,"No Cumple",IF(Q43<$AQ43,"Aclarar Valor","Cumple"))) -> Cumple | S43: 52923 | T43: =IF(S43="","",IF(S43>$F43,"No Cumple",IF(S43<$AQ43,"Aclarar Valor","Cumple"))) -> Cumple | U43: 52925 | V43: =IF(U43="","",IF(U43>$F43,"No Cumple",IF(U43<$AQ43,"Aclarar Valor","Cumple"))) -> Cumple | X43: =IF(W43="","",IF(W43>$F43,"No Cumple",IF(W43<$AQ43,"Aclarar Valor","Cumple"))) | Y43: 52925 | Z43: =IF(Y43="","",IF(Y43>$F43,"No Cumple",IF(Y43<$AQ43,"Aclarar Valor","Cumple"))) -> Cumple | AA43: 50278.75 | AB43: =IF(AA43="","",IF(AA43>$F43,"No Cumple",IF(AA43<$AQ43,"Aclarar Valor","Cumple"))) -> Cumple | AC43: 52925 | AD43: =IF(AC43="","",IF(AC43>$F43,"No Cumple",IF(AC43<$AQ43,"Aclarar Valor","Cumple"))) -> Cumple | AE43: 52925 | AF43: =IF(AE43="","",IF(AE43>$F43,"No Cumple",IF(AE43<$AQ43,"Aclarar Valor","Cumple"))) -> Cumple | AG43: 52925 | AH43: =IF(AG43="","",IF(AG43>$F43,"No Cumple",IF(AG43<$AQ43,"Aclarar Valor","Cumple"))) -> Cumple | AI43: 50278 | AJ43: =IF(AI43="","",IF(AI43>$F43,"No Cumple",IF(AI43<$AQ43,"Aclarar Valor","Cumple"))) -> Cumple | AK43: 52925 | AL43: =IF(AK43="","",IF(AK43>$F43,"No Cumple",IF(AK43<$AQ43,"Aclarar Valor","Cumple"))) -> Cumple | AM43: 50405 | AN43: =IF(AM43="","",IF(AM43>$F43,"No Cumple",IF(AM43<$AQ43,"Aclarar Valor","Cumple"))) -> Cumple | AO43: 52925 | AP43: =IF(AO43="","",IF(AO43>$F43,"No Cumple",IF(AO43<$AQ43,"Aclarar Valor","Cumple"))) -> Cumple | AQ43: =F43*0.8 -> 42340 | AR43: =IFERROR(MEDIAN(AI43,AA43,W43,O43)-STDEV(AI43,AA43,W43,O43),"") -> 50125.363
B44: 12 | C44: Balón medicinal | Debe cumplir como mínimo con los requisitos establecidos en la presente ficha técnica. Es un balón esférico de cuero, goma o plástico, de diámetro variable (aproximadamente el diámetro de los hombros) con pesos diferentes. | Incluir costos directos e indirectos (impuestos si aplica) y entrega. - Ver Anexo tecnico | D44: UN | E44: 1 | F44: 101529 | G44: 101525 | H44: =IF(G44="","",IF(G44>$F44,"No Cumple",IF(G44<$AQ44,"Aclarar Valor","Cumple"))) -> Cumple | I44: 101529 | J44: =IF(I44="","",IF(I44>$F44,"No Cumple",IF(I44<$AQ44,"Aclarar Valor","Cumple"))) -> Cumple | L44: =IF(K44="","",IF(K44>$F44,"No Cumple",IF(K44<$AQ44,"Aclarar Valor","Cumple"))) | M44: 101529 | N44: =IF(M44="","",IF(M44>$F44,"No Cumple",IF(M44<$AQ44,"Aclarar Valor","Cumple"))) -> Cumple | O44: 95944 | P44: =IF(O44="","",IF(O44>$F44,"No Cumple",IF(O44<$AQ44,"Aclarar Valor","Cumple"))) -> Cumple | Q44: 101529 | R44: =IF(Q44="","",IF(Q44>$F44,"No Cumple",IF(Q44<$AQ44,"Aclarar Valor","Cumple"))) -> Cumple | S44: 101527 | T44: =IF(S44="","",IF(S44>$F44,"No Cumple",IF(S44<$AQ44,"Aclarar Valor","Cumple"))) -> Cumple | U44: 101529 | V44: =IF(U44="","",IF(U44>$F44,"No Cumple",IF(U44<$AQ44,"Aclarar Valor","Cumple"))) -> Cumple | X44: =IF(W44="","",IF(W44>$F44,"No Cumple",IF(W44<$AQ44,"Aclarar Valor","Cumple"))) | Y44: 101529 | Z44: =IF(Y44="","",IF(Y44>$F44,"No Cumple",IF(Y44<$AQ44,"Aclarar Valor","Cumple"))) -> Cumple | AA44: 96452.55 | AB44: =IF(AA44="","",IF(AA44>$F44,"No Cumple",IF(AA44<$AQ44,"Aclarar Valor","Cumple"))) -> Cumple | AC44: 101529 | AD44: =IF(AC44="","",IF(AC44>$F44,"No Cumple",IF(AC44<$AQ44,"Aclarar Valor","Cumple"))) -> Cumple | AE44: 101529 | AF44: =IF(AE44="","",IF(AE44>$F44,"No Cumple",IF(AE44<$AQ44,"Aclarar Valor","Cumple"))) -> Cumple | AG44: 101529 | AH44: =IF(AG44="","",IF(AG44>$F44,"No Cumple",IF(AG44<$AQ44,"Aclarar Valor","Cumple"))) -> Cumple | AI44: 96452 | AJ44: =IF(AI44="","",IF(AI44>$F44,"No Cumple",IF(AI44<$AQ44,"Aclarar Valor","Cumple"))) -> Cumple | AK44: 101529 | AL44: =IF(AK44="","",IF(AK44>$F44,"No Cumple",IF(AK44<$AQ44,"Aclarar Valor","Cumple"))) -> Cumple | AM44: 96694 | AN44: =IF(AM44="","",IF(AM44>$F44,"No Cumple",IF(AM44<$AQ44,"Aclarar Valor","Cumple"))) -> Cumple | AO44: 101529 | AP44: =IF(AO44="","",IF(AO44>$F44,"No Cumple",IF(AO44<$AQ44,"Aclarar Valor","Cumple"))) -> Cumple | AQ44: =F44*0.8 -> 81223.2 | AR44: =IFERROR(MEDIAN(AI44,AA44,W44,O44)-STDEV(AI44,AA44,W44,O44),"") -> 96158.547
... B121: 89 | C121: Chaqueta rompevientos | Chaqueta rompevientos en tela impermeable antifluido, vendaval, náutico, cerro sport. Hilos e hilazas: poliéster 100% o poliéster algodón. Con capota y guarda capota; 2 bolsillos laterales, con forro en mállatela. | Incluir costos directos e indirectos (impuestos si aplica) y entrega. - Ver Anexo tecnico | D121: UN | E121: 1 | F121: 115000 | G121: 114990 | H121: =IF(G121="","",IF(G121>$F121,"No Cumple",IF(G121<$AQ121,"Aclarar Valor","Cumple"))) -> Cumple | I121: 115000 | J121: =IF(I121="","",IF(I121>$F121,"No Cumple",IF(I121<$AQ121,"Aclarar Valor","Cumple"))) -> Cumple | L121: =IF(K121="","",IF(K121>$F121,"No Cumple",IF(K121<$AQ121,"Aclarar Valor","Cumple"))) | M121: 115000 | N121: =IF(M121="","",IF(M121>$F121,"No Cumple",IF(M121<$AQ121,"Aclarar Valor","Cumple"))) -> Cumple | O121: 108675 | P121: =IF(O121="","",IF(O121>$F121,"No Cumple",IF(O121<$AQ121,"Aclarar Valor","Cumple"))) -> Cumple | Q121: 115000 | R121: =IF(Q121="","",IF(Q121>$F121,"No Cumple",IF(Q121<$AQ121,"Aclarar Valor","Cumple"))) -> Cumple | S121: 114998 | T121: =IF(S121="","",IF(S121>$F121,"No Cumple",IF(S121<$AQ121,"Aclarar Valor","Cumple"))) -> Cumple | U121: 115000 | V121: =IF(U121="","",IF(U121>$F121,"No Cumple",IF(U121<$AQ121,"Aclarar Valor","Cumple"))) -> Cumple | X121: =IF(W121="","",IF(W121>$F121,"No Cumple",IF(W121<$AQ121,"Aclarar Valor","Cumple"))) | Y121: 115000 | Z121: =IF(Y121="","",IF(Y121>$F121,"No Cumple",IF(Y121<$AQ121,"Aclarar Valor","Cumple"))) -> Cumple | AA121: 109250 | AB121: =IF(AA121="","",IF(AA121>$F121,"No Cumple",IF(AA121<$AQ121,"Aclarar Valor","Cumple"))) -> Cumple | AC121: 115000 | AD121: =IF(AC121="","",IF(AC121>$F121,"No Cumple",IF(AC121<$AQ121,"Aclarar Valor","Cumple"))) -> Cumple | AE121: 115000 | AF121: =IF(AE121="","",IF(AE121>$F121,"No Cumple",IF(AE121<$AQ121,"Aclarar Valor","Cumple"))) -> Cumple | AG121: 115000 | AH121: =IF(AG121="","",IF(AG121>$F121,"No Cumple",IF(AG121<$AQ121,"Aclarar Valor","Cumple"))) -> Cumple | AI121: 109249 | AJ121: =IF(AI121="","",IF(AI121>$F121,"No Cumple",IF(AI121<$AQ121,"Aclarar Valor","Cumple"))) -> Cumple | AK121: 115000 | AL121: =IF(AK121="","",IF(AK121>$F121,"No Cumple",IF(AK121<$AQ121,"Aclarar Valor","Cumple"))) -> Cumple | AM121: 109524 | AN121: =IF(AM121="","",IF(AM121>$F121,"No Cumple",IF(AM121<$AQ121,"Aclarar Valor","Cumple"))) -> Cumple | AO121: 115000 | AP121: =IF(AO121="","",IF(AO121>$F121,"No Cumple",IF(AO121<$AQ121,"Aclarar Valor","Cumple"))) -> Cumple | AQ121: =F121*0.8 -> 92000 | AR121: =IFERROR(MEDIAN(AI121,AA121,W121,O121)-STDEV(AI121,AA121,W121,O121),"") -> 108917.31
B122: 90 | C122: Kit de protección | Coderas, muñequeras y rodilleras: con norma europea 14120, armadura abs envolventes con refuerzo de espuma, tela flexible con cubrimiento y con pieza de malla ventilada ajustable con bandas de velcro elástico y tela extensible. | Incluir costos directos e indirectos (impuestos si aplica) y entrega. - Ver Anexo tecnico | D122: UN | E122: 1 | F122: 155000 | G122: 154990 | H122: =IF(G122="","",IF(G122>$F122,"No Cumple",IF(G122<$AQ122,"Aclarar Valor","Cumple"))) -> Cumple | I122: 155000 | J122: =IF(I122="","",IF(I122>$F122,"No Cumple",IF(I122<$AQ122,"Aclarar Valor","Cumple"))) -> Cumple | L122: =IF(K122="","",IF(K122>$F122,"No Cumple",IF(K122<$AQ122,"Aclarar Valor","Cumple"))) | M122: 155000 | N122: =IF(M122="","",IF(M122>$F122,"No Cumple",IF(M122<$AQ122,"Aclarar Valor","Cumple"))) -> Cumple | O122: 146475 | P122: =IF(O122="","",IF(O122>$F122,"No Cumple",IF(O122<$AQ122,"Aclarar Valor","Cumple"))) -> Cumple | Q122: 115000 | R122: Valor supera porcentaje del mínimo permitido para presuntamente bajo, no se pide aclaración por encontrarse rechazado | S122: 154998 | T122: =IF(S122="","",IF(S122>$F122,"No Cumple",IF(S122<$AQ122,"Aclarar Valor","Cumple"))) -> Cumple | U122: 155000 | V122: =IF(U122="","",IF(U122>$F122,"No Cumple",IF(U122<$AQ122,"Aclarar Valor","Cumple"))) -> Cumple | X122: =IF(W122="","",IF(W122>$F122,"No Cumple",IF(W122<$AQ122,"Aclarar Valor","Cumple"))) | Y122: 155000 | Z122: =IF(Y122="","",IF(Y122>$F122,"No Cumple",IF(Y122<$AQ122,"Aclarar Valor","Cumple"))) -> Cumple | AA122: 147250 | AB122: =IF(AA122="","",IF(AA122>$F122,"No Cumple",IF(AA122<$AQ122,"Aclarar Valor","Cumple"))) -> Cumple | AC122: 155000 | AD122: =IF(AC122="","",IF(AC122>$F122,"No Cumple",IF(AC122<$AQ122,"Aclarar Valor","Cumple"))) -> Cumple | AE122: 155000 | AF122: =IF(AE122="","",IF(AE122>$F122,"No Cumple",IF(AE122<$AQ122,"Aclarar Valor","Cumple"))) -> Cumple | AG122: 155000 | AH122: =IF(AG122="","",IF(AG122>$F122,"No Cumple",IF(AG122<$AQ122,"Aclarar Valor","Cumple"))) -> Cumple | AI122: 147249 | AJ122: =IF(AI122="","",IF(AI122>$F122,"No Cumple",IF(AI122<$AQ122,"Aclarar Valor","Cumple"))) -> Cumple | AK122: 155000 | AL122: =IF(AK122="","",IF(AK122>$F122,"No Cumple",IF(AK122<$AQ122,"Aclarar Valor","Cumple"))) -> Cumple | AM122: 147619 | AN122: =IF(AM122="","",IF(AM122>$F122,"No Cumple",IF(AM122<$AQ122,"Aclarar Valor","Cumple"))) -> Cumple | AO122: 155000 | AP122: =IF(AO122="","",IF(AO122>$F122,"No Cumple",IF(AO122<$AQ122,"Aclarar Valor","Cumple"))) -> Cumple | AQ122: =F122*0.8 -> 124000 | AR122: =IFERROR(MEDIAN(AI122,AA122,W122,O122)-STDEV(AI122,AA122,W122,O122),"") -> 146801.84
B123: 91 | C123: Casco 1 | Casco de patinaje de carreras aerodinámico en policarbonato, con almohadilla interno y ajuste en poliestireno expandido. | Incluir costos directos e indirectos (impuestos si aplica) y entrega. - Ver Anexo tecnico | D123: UN | E123: 1 | F123: 177500 | G123: 177490 | H123: =IF(G123="","",IF(G123>$F123,"No Cumple",IF(G123<$AQ123,"Aclarar Valor","Cumple"))) -> Cumple | I123: 177500 | J123: =IF(I123="","",IF(I123>$F123,"No Cumple",IF(I123<$AQ123,"Aclarar Valor","Cumple"))) -> Cumple | L123: =IF(K123="","",IF(K123>$F123,"No Cumple",IF(K123<$AQ123,"Aclarar Valor","Cumple"))) | M123: 177500 | N123: =IF(M123="","",IF(M123>$F123,"No Cumple",IF(M123<$AQ123,"Aclarar Valor","Cumple"))) -> Cumple | O123: 167737 | P123: =IF(O123="","",IF(O123>$F123,"No Cumple",IF(O123<$AQ123,"Aclarar Valor","Cumple"))) -> Cumple | Q123: 177500 | R123: =IF(Q123="","",IF(Q123>$F123,"No Cumple",IF(Q123<$AQ123,"Aclarar Valor","Cumple"))) -> Cumple | S123: 177498 | T123: =IF(S123="","",IF(S123>$F123,"No Cumple",IF(S123<$AQ123,"Aclarar Valor","Cumple"))) -> Cumple | U123: 177500 | V123: =IF(U123="","",IF(U123>$F123,"No Cumple",IF(U123<$AQ123,"Aclarar Valor","Cumple"))) -> Cumple | X123: =IF(W123="","",IF(W123>$F123,"No Cumple",IF(W123<$AQ123,"Aclarar Valor","Cumple"))) | Y123: 177500 | Z123: =IF(Y123="","",IF(Y123>$F123,"No Cumple",IF(Y123<$AQ123,"Aclarar Valor","Cumple"))) -> Cumple | AA123: 168625 | AB123: =IF(AA123="","",IF(AA123>$F123,"No Cumple",IF(AA123<$AQ123,"Aclarar Valor","Cumple"))) -> Cumple | AC123: 177500 | AD123: =IF(AC123="","",IF(AC123>$F123,"No Cumple",IF(AC123<$AQ123,"Aclarar Valor","Cumple"))) -> Cumple | AE123: 177500 | AF123: =IF(AE123="","",IF(AE123>$F123,"No Cumple",IF(AE123<$AQ123,"Aclarar Valor","Cumple"))) -> Cumple | AG123: 177500 | AH123: =IF(AG123="","",IF(AG123>$F123,"No Cumple",IF(AG123<$AQ123,"Aclarar Valor","Cumple"))) -> Cumple | AI123: 168624 | AJ123: =IF(AI123="","",IF(AI123>$F123,"No Cumple",IF(AI123<$AQ123,"Aclarar Valor","Cumple"))) -> Cumple | AK123: 177500 | AL123: =IF(AK123="","",IF(AK123>$F123,"No Cumple",IF(AK123<$AQ123,"Aclarar Valor","Cumple"))) -> Cumple | AM123: 169048 | AN123: =IF(AM123="","",IF(AM123>$F123,"No Cumple",IF(AM123<$AQ123,"Aclarar Valor","Cumple"))) -> Cumple | AO123: 177500 | AP123: =IF(AO123="","",IF(AO123>$F123,"No Cumple",IF(AO123<$AQ123,"Aclarar Valor","Cumple"))) -> Cumple | AQ123: =F123*0.8 -> 142000 | AR123: =IFERROR(MEDIAN(AI123,AA123,W123,O123)-STDEV(AI123,AA123,W123,O123),"") -> 168111.6
B124: 92 | C124: Patines | Patines en línea con llanta de goma, bota anatómica ajustable, chasis en aluminio, alta resistencia a los golpes, rodamientos de velocidad abec 11 | Incluir costos directos e indirectos (impuestos si aplica) y entrega. - Ver Anexo tecnico | D124: UN | E124: 1 | F124: 259990 | G124: 259980 | H124: =IF(G124="","",IF(G124>$F124,"No Cumple",IF(G124<$AQ124,"Aclarar Valor","Cumple"))) -> Cumple | I124: 259990 | J124: =IF(I124="","",IF(I124>$F124,"No Cumple",IF(I124<$AQ124,"Aclarar Valor","Cumple"))) -> Cumple | L124: =IF(K124="","",IF(K124>$F124,"No Cumple",IF(K124<$AQ124,"Aclarar Valor","Cumple"))) | M124: 259990 | N124: =IF(M124="","",IF(M124>$F124,"No Cumple",IF(M124<$AQ124,"Aclarar Valor","Cumple"))) -> Cumple | O124: 245690 | P124: =IF(O124="","",IF(O124>$F124,"No Cumple",IF(O124<$AQ124,"Aclarar Valor","Cumple"))) -> Cumple | Q124: 259990 | R124: =IF(Q124="","",IF(Q124>$F124,"No Cumple",IF(Q124<$AQ124,"Aclarar Valor","Cumple"))) -> Cumple | S124: 259988 | T124: =IF(S124="","",IF(S124>$F124,"No Cumple",IF(S124<$AQ124,"Aclarar Valor","Cumple"))) -> Cumple | U124: 259990 | V124: =IF(U124="","",IF(U124>$F124,"No Cumple",IF(U124<$AQ124,"Aclarar Valor","Cumple"))) -> Cumple | X124: =IF(W124="","",IF(W124>$F124,"No Cumple",IF(W124<$AQ124,"Aclarar Valor","Cumple"))) | Y124: 259990 | Z124: =IF(Y124="","",IF(Y124>$F124,"No Cumple",IF(Y124<$AQ124,"Aclarar Valor","Cumple"))) -> Cumple | AA124: 246990.5 | AB124: =IF(AA124="","",IF(AA124>$F124,"No Cumple",IF(AA124<$AQ124,"Aclarar Valor","Cumple"))) -> Cumple | AC124: 259990 | AD124: =IF(AC124="","",IF(AC124>$F124,"No Cumple",IF(AC124<$AQ124,"Aclarar Valor","Cumple"))) -> Cumple | AE124: 25990 | AF124: Valor supera porcentaje del mínimo permitido para presuntamente bajo, no se pide aclaración por encontrarse rechazado | AG124: 259990 | AH124: =IF(AG124="","",IF(AG124>$F124,"No Cumple",IF(AG124<$AQ124,"Aclarar Valor","Cumple"))) -> Cumple | AI124: 246990 | AJ124: =IF(AI124="","",IF(AI124>$F124,"No Cumple",IF(AI124<$AQ124,"Aclarar Valor","Cumple"))) -> Cumple | AK124: 259990 | AL124: =IF(AK124="","",IF(AK124>$F124,"No Cumple",IF(AK124<$AQ124,"Aclarar Valor","Cumple"))) -> Cumple | AM124: 247610 | AN124: =IF(AM124="","",IF(AM124>$F124,"No Cumple",IF(AM124<$AQ124,"Aclarar Valor","Cumple"))) -> Cumple | AO124: 259990 | AP124: =IF(AO124="","",IF(AO124>$F124,"No Cumple",IF(AO124<$AQ124,"Aclarar Valor","Cumple"))) -> Cumple | AQ124: =F124*0.8 -> 207992 | AR124: =IFERROR(MEDIAN(AI124,AA124,W124,O124)-STDEV(AI124,AA124,W124,O124),"") -> 246239.3
B125: 93 | C125: Maletín para patines | Capacidad 20l, en material lona, resistente a la fricción del chasis del patín | Incluir costos directos e indirectos (impuestos si aplica) y entrega. - Ver Anexo tecnico | D125: UN | E125: 1 | F125: 200000 | G125: 199900 | H125: =IF(G125="","",IF(G125>$F125,"No Cumple",IF(G125<$AQ125,"Aclarar Valor","Cumple"))) -> Cumple | I125: 200000 | J125: =IF(I125="","",IF(I125>$F125,"No Cumple",IF(I125<$AQ125,"Aclarar Valor","Cumple"))) -> Cumple | L125: =IF(K125="","",IF(K125>$F125,"No Cumple",IF(K125<$AQ125,"Aclarar Valor","Cumple"))) | M125: 200000 | N125: =IF(M125="","",IF(M125>$F125,"No Cumple",IF(M125<$AQ125,"Aclarar Valor","Cumple"))) -> Cumple | O125: 189000 | P125: =IF(O125="","",IF(O125>$F125,"No Cumple",IF(O125<$AQ125,"Aclarar Valor","Cumple"))) -> Cumple | Q125: 200000 | R125: =IF(Q125="","",IF(Q125>$F125,"No Cumple",IF(Q125<$AQ125,"Aclarar Valor","Cumple"))) -> Cumple | S125: 199998 | T125: =IF(S125="","",IF(S125>$F125,"No Cumple",IF(S125<$AQ125,"Aclarar Valor","Cumple"))) -> Cumple | U125: 200000 | V125: =IF(U125="","",IF(U125>$F125,"No Cumple",IF(U125<$AQ125,"Aclarar Valor","Cumple"))) -> Cumple | X125: =IF(W125="","",IF(W125>$F125,"No Cumple",IF(W125<$AQ125,"Aclarar Valor","Cumple"))) | Y125: 200000 | Z125: =IF(Y125="","",IF(Y125>$F125,"No Cumple",IF(Y125<$AQ125,"Aclarar Valor","Cumple"))) -> Cumple | AA125: 190000 | AB125: =IF(AA125="","",IF(AA125>$F125,"No Cumple",IF(AA125<$AQ125,"Aclarar Valor","Cumple"))) -> Cumple | AC125: 200000 | AD125: =IF(AC125="","",IF(AC125>$F125,"No Cumple",IF(AC125<$AQ125,"Aclarar Valor","Cumple"))) -> Cumple | AE125: 200000 | AF125: =IF(AE125="","",IF(AE125>$F125,"No Cumple",IF(AE125<$AQ125,"Aclarar Valor","Cumple"))) -> Cumple | AG125: 200000 | AH125: =IF(AG125="","",IF(AG125>$F125,"No Cumple",IF(AG125<$AQ125,"Aclarar Valor","Cumple"))) -> Cumple | AI125: 189999 | AJ125: =IF(AI125="","",IF(AI125>$F125,"No Cumple",IF(AI125<$AQ125,"Aclarar Valor","Cumple"))) -> Cumple | AK125: 200000 | AL125: =IF(AK125="","",IF(AK125>$F125,"No Cumple",IF(AK125<$AQ125,"Aclarar Valor","Cumple"))) -> Cumple | AM125: 190476 | AN125: =IF(AM125="","",IF(AM125>$F125,"No Cumple",IF(AM125<$AQ125,"Aclarar Valor","Cumple"))) -> Cumple | AO125: 200000 | AP125: =IF(AO125="","",IF(AO125>$F125,"No Cumple",IF(AO125<$AQ125,"Aclarar Valor","Cumple"))) -> Cumple | AQ125: =F125*0.8 -> 160000 | AR125: =IFERROR(MEDIAN(AI125,AA125,W125,O125)-STDEV(AI125,AA125,W125,O125),"") -> 189421.94
B126: 94 | C126: Gorro | Gorro de silicona 100% impermeable de color variado teniendo en cuenta las edades establecidas entre los 6 a los 17 | Incluir costos directos e indirectos (impuestos si aplica) y entrega. - Ver Anexo tecnico | D126: UN | E126: 1 | F126: 62500 | G126: 62490 | H126: =IF(G126="","",IF(G126>$F126,"No Cumple",IF(G126<$AQ126,"Aclarar Valor","Cumple"))) -> Cumple | I126: 62500 | J126: =IF(I126="","",IF(I126>$F126,"No Cumple",IF(I126<$AQ126,"Aclarar Valor","Cumple"))) -> Cumple | L126: =IF(K126="","",IF(K126>$F126,"No Cumple",IF(K126<$AQ126,"Aclarar Valor","Cumple"))) | M126: 62500 | N126: =IF(M126="","",IF(M126>$F126,"No Cumple",IF(M126<$AQ126,"Aclarar Valor","Cumple"))) -> Cumple | O126: 59062 | P126: =IF(O126="","",IF(O126>$F126,"No Cumple",IF(O126<$AQ126,"Aclarar Valor","Cumple"))) -> Cumple | Q126: 62500 | R126: =IF(Q126="","",IF(Q126>$F126,"No Cumple",IF(Q126<$AQ126,"Aclarar Valor","Cumple"))) -> Cumple | S126: 62498 | T126: =IF(S126="","",IF(S126>$F126,"No Cumple",IF(S126<$AQ126,"Aclarar Valor","Cumple"))) -> Cumple | U126: 62500 | V126: =IF(U126="","",IF(U126>$F126,"No Cumple",IF(U126<$AQ126,"Aclarar Valor","Cumple"))) -> Cumple | X126: =IF(W126="","",IF(W126>$F126,"No Cumple",IF(W126<$AQ126,"Aclarar Valor","Cumple"))) | Y126: 62500 | Z126: =IF(Y126="","",IF(Y126>$F126,"No Cumple",IF(Y126<$AQ126,"Aclarar Valor","Cumple"))) -> Cumple | AA126: 59375 | AB126: =IF(AA126="","",IF(AA126>$F126,"No Cumple",IF(AA126<$AQ126,"Aclarar Valor","Cumple"))) -> Cumple | AC126: 62500 | AD126: =IF(AC126="","",IF(AC126>$F126,"No Cumple",IF(AC126<$AQ126,"Aclarar Valor","Cumple"))) -> Cumple | AE126: 62500 | AF126: =IF(AE126="","",IF(AE126>$F126,"No Cumple",IF(AE126<$AQ126,"Aclarar Valor","Cumple"))) -> Cumple | AG126: 62500 | AH126: =IF(AG126="","",IF(AG126>$F126,"No Cumple",IF(AG126<$AQ126,"Aclarar Valor","Cumple"))) -> Cumple | AI126: 59374 | AJ126: =IF(AI126="","",IF(AI126>$F126,"No Cumple",IF(AI126<$AQ126,"Aclarar Valor","Cumple"))) -> Cumple | AK126: 62500 | AL126: =IF(AK126="","",IF(AK126>$F126,"No Cumple",IF(AK126<$AQ126,"Aclarar Valor","Cumple"))) -> Cumple | AM126: 59524 | AN126: =IF(AM126="","",IF(AM126>$F126,"No Cumple",IF(AM126<$AQ126,"Aclarar Valor","Cumple"))) -> Cumple | AO126: 62500 | AP126: =IF(AO126="","",IF(AO126>$F126,"No Cumple",IF(AO126<$AQ126,"Aclarar Valor","Cumple"))) -> Cumple | AQ126: =F126*0.8 -> 50000 | AR126: =IFERROR(MEDIAN(AI126,AA126,W126,O126)-STDEV(AI126,AA126,W126,O126),"") -> 59193.577
B127: 95 | C127: Chanclas | Chancla para natación lisa con recubriendo en la zona del empine con suela antideslizante en tallas desde la 30 a la 41, con peso aproximado 160gr en material de goma o caucho natural. Único color (negro) | Incluir costos directos e indirectos (impuestos si aplica) y entrega. - Ver Anexo tecnico | D127: UN | E127: 1 | F127: 67500 | G127: 67490 | H127: =IF(G127="","",IF(G127>$F127,"No Cumple",IF(G127<$AQ127,"Aclarar Valor","Cumple"))) -> Cumple | I127: 67500 | J127: =IF(I127="","",IF(I127>$F127,"No Cumple",IF(I127<$AQ127,"Aclarar Valor","Cumple"))) -> Cumple | L127: =IF(K127="","",IF(K127>$F127,"No Cumple",IF(K127<$AQ127,"Aclarar Valor","Cumple"))) | M127: 67500 | N127: =IF(M127="","",IF(M127>$F127,"No Cumple",IF(M127<$AQ127,"Aclarar Valor","Cumple"))) -> Cumple | O127: 63787 | P127: =IF(O127="","",IF(O127>$F127,"No Cumple",IF(O127<$AQ127,"Aclarar Valor","Cumple"))) -> Cumple | Q127: 67500 | R127: =IF(Q127="","",IF(Q127>$F127,"No Cumple",IF(Q127<$AQ127,"Aclarar Valor","Cumple"))) -> Cumple | S127: 67498 | T127: =IF(S127="","",IF(S127>$F127,"No Cumple",IF(S127<$AQ127,"Aclarar Valor","Cumple"))) -> Cumple | U127: 67500 | V127: =IF(U127="","",IF(U127>$F127,"No Cumple",IF(U127<$AQ127,"Aclarar Valor","Cumple"))) -> Cumple | X127: =IF(W127="","",IF(W127>$F127,"No Cumple",IF(W127<$AQ127,"Aclarar Valor","Cumple"))) | Y127: 67500 | Z127: =IF(Y127="","",IF(Y127>$F127,"No Cumple",IF(Y127<$AQ127,"Aclarar Valor","Cumple"))) -> Cumple | AA127: 64125 | AB127: =IF(AA127="","",IF(AA127>$F127,"No Cumple",IF(AA127<$AQ127,"Aclarar Valor","Cumple"))) -> Cumple | AC127: 67500 | AD127: =IF(AC127="","",IF(AC127>$F127,"No Cumple",IF(AC127<$AQ127,"Aclarar Valor","Cumple"))) -> Cumple | AE127: 67500 | AF127: =IF(AE127="","",IF(AE127>$F127,"No Cumple",IF(AE127<$AQ127,"Aclarar Valor","Cumple"))) -> Cumple | AG127: 67500 | AH127: =IF(AG127="","",IF(AG127>$F127,"No Cumple",IF(AG127<$AQ127,"Aclarar Valor","Cumple"))) -> Cumple | AI127: 64124 | AJ127: =IF(AI127="","",IF(AI127>$F127,"No Cumple",IF(AI127<$AQ127,"Aclarar Valor","Cumple"))) -> Cumple | AK127: 67500 | AL127: =IF(AK127="","",IF(AK127>$F127,"No Cumple",IF(AK127<$AQ127,"Aclarar Valor","Cumple"))) -> Cumple | AM127: 64286 | AN127: =IF(AM127="","",IF(AM127>$F127,"No Cumple",IF(AM127<$AQ127,"Aclarar Valor","Cumple"))) -> Cumple | AO127: 67500 | AP127: =IF(AO127="","",IF(AO127>$F127,"No Cumple",IF(AO127<$AQ127,"Aclarar Valor","Cumple"))) -> Cumple | AQ127: =F127*0.8 -> 54000 | AR127: =IFERROR(MEDIAN(AI127,AA127,W127,O127)-STDEV(AI127,AA127,W127,O127),"") -> 63929.144
B128: 96 | C128: Gafas | Gafas de natación para uso interno o externo con protección ocular que no permitan el paso de agua hacia el ojo, con correa (caucho) ajustable teniendo en cuenta las edades entre los 6 a los 17 años. | Incluir costos directos e indirectos (impuestos si aplica) y entrega. - Ver Anexo tecnico | D128: UN | E128: 1 | F128: 185000 | G128: 184990 | H128: =IF(G128="","",IF(G128>$F128,"No Cumple",IF(G128<$AQ128,"Aclarar Valor","Cumple"))) -> Cumple | I128: 185000 | J128: =IF(I128="","",IF(I128>$F128,"No Cumple",IF(I128<$AQ128,"Aclarar Valor","Cumple"))) -> Cumple | L128: =IF(K128="","",IF(K128>$F128,"No Cumple",IF(K128<$AQ128,"Aclarar Valor","Cumple"))) | M128: 185000 | N128: =IF(M128="","",IF(M128>$F128,"No Cumple",IF(M128<$AQ128,"Aclarar Valor","Cumple"))) -> Cumple | O128: 174825 | P128: =IF(O128="","",IF(O128>$F128,"No Cumple",IF(O128<$AQ128,"Aclarar Valor","Cumple"))) -> Cumple | Q128: 185000 | R128: =IF(Q128="","",IF(Q128>$F128,"No Cumple",IF(Q128<$AQ128,"Aclarar Valor","Cumple"))) -> Cumple | S128: 184998 | T128: =IF(S128="","",IF(S128>$F128,"No Cumple",IF(S128<$AQ128,"Aclarar Valor","Cumple"))) -> Cumple | U128: 185000 | V128: =IF(U128="","",IF(U128>$F128,"No Cumple",IF(U128<$AQ128,"Aclarar Valor","Cumple"))) -> Cumple | X128: =IF(W128="","",IF(W128>$F128,"No Cumple",IF(W128<$AQ128,"Aclarar Valor","Cumple"))) | Y128: 185000 | Z128: =IF(Y128="","",IF(Y128>$F128,"No Cumple",IF(Y128<$AQ128,"Aclarar Valor","Cumple"))) -> Cumple | AA128: 175750 | AB128: =IF(AA128="","",IF(AA128>$F128,"No Cumple",IF(AA128<$AQ128,"Aclarar Valor","Cumple"))) -> Cumple | AC128: 185000 | AD128: =IF(AC128="","",IF(AC128>$F128,"No Cumple",IF(AC128<$AQ128,"Aclarar Valor","Cumple"))) -> Cumple | AE128: 185000 | AF128: =IF(AE128="","",IF(AE128>$F128,"No Cumple",IF(AE128<$AQ128,"Aclarar Valor","Cumple"))) -> Cumple | AG128: 185000 | AH128: =IF(AG128="","",IF(AG128>$F128,"No Cumple",IF(AG128<$AQ128,"Aclarar Valor","Cumple"))) -> Cumple | AI128: 175749 | AJ128: =IF(AI128="","",IF(AI128>$F128,"No Cumple",IF(AI128<$AQ128,"Aclarar Valor","Cumple"))) -> Cumple | AK128: 185000 | AL128: =IF(AK128="","",IF(AK128>$F128,"No Cumple",IF(AK128<$AQ128,"Aclarar Valor","Cumple"))) -> Cumple | AM128: 176190 | AN128: =IF(AM128="","",IF(AM128>$F128,"No Cumple",IF(AM128<$AQ128,"Aclarar Valor","Cumple"))) -> Cumple | AO128: 185000 | AP128: =IF(AO128="","",IF(AO128>$F128,"No Cumple",IF(AO128<$AQ128,"Aclarar Valor","Cumple"))) -> Cumple | AQ128: =F128*0.8 -> 148000 | AR128: =IFERROR(MEDIAN(AI128,AA128,W128,O128)-STDEV(AI128,AA128,W128,O128),"") -> 175215.24
B129: 97 | C129: Toalla en microfibra (caneo) | Toalla en materia de microfibra absorbente de medias de 80 por 1,30 cm en colores variados con un peso de 160 gr | Incluir costos directos e indirectos (impuestos si aplica) y entrega. - Ver Anexo tecnico | D129: UN | E129: 1 | F129: 62500 | G129: 62490 | H129: =IF(G129="","",IF(G129>$F129,"No Cumple",IF(G129<$AQ129,"Aclarar Valor","Cumple"))) -> Cumple | I129: 62500 | J129: =IF(I129="","",IF(I129>$F129,"No Cumple",IF(I129<$AQ129,"Aclarar Valor","Cumple"))) -> Cumple | L129: =IF(K129="","",IF(K129>$F129,"No Cumple",IF(K129<$AQ129,"Aclarar Valor","Cumple"))) | M129: 62500 | N129: =IF(M129="","",IF(M129>$F129,"No Cumple",IF(M129<$AQ129,"Aclarar Valor","Cumple"))) -> Cumple | O129: 59062 | P129: =IF(O129="","",IF(O129>$F129,"No Cumple",IF(O129<$AQ129,"Aclarar Valor","Cumple"))) -> Cumple | Q129: 62500 | R129: =IF(Q129="","",IF(Q129>$F129,"No Cumple",IF(Q129<$AQ129,"Aclarar Valor","Cumple"))) -> Cumple | S129: 62498 | T129: =IF(S129="","",IF(S129>$F129,"No Cumple",IF(S129<$AQ129,"Aclarar Valor","Cumple"))) -> Cumple | U129: 62500 | V129: =IF(U129="","",IF(U129>$F129,"No Cumple",IF(U129<$AQ129,"Aclarar Valor","Cumple"))) -> Cumple | X129: =IF(W129="","",IF(W129>$F129,"No Cumple",IF(W129<$AQ129,"Aclarar Valor","Cumple"))) | Y129: 62500 | Z129: =IF(Y129="","",IF(Y129>$F129,"No Cumple",IF(Y129<$AQ129,"Aclarar Valor","Cumple"))) -> Cumple | AA129: 59375 | AB129: =IF(AA129="","",IF(AA129>$F129,"No Cumple",IF(AA129<$AQ129,"Aclarar Valor","Cumple"))) -> Cumple | AC129: 62500 | AD129: =IF(AC129="","",IF(AC129>$F129,"No Cumple",IF(AC129<$AQ129,"Aclarar Valor","Cumple"))) -> Cumple | AE129: 62500 | AF129: =IF(AE129="","",IF(AE129>$F129,"No Cumple",IF(AE129<$AQ129,"Aclarar Valor","Cumple"))) -> Cumple | AG129: 62500 | AH129: =IF(AG129="","",IF(AG129>$F129,"No Cumple",IF(AG129<$AQ129,"Aclarar Valor","Cumple"))) -> Cumple | AI129: 59374 | AJ129: =IF(AI129="","",IF(AI129>$F129,"No Cumple",IF(AI129<$AQ129,"Aclarar Valor","Cumple"))) -> Cumple | AK129: 62500 | AL129: =IF(AK129="","",IF(AK129>$F129,"No Cumple",IF(AK129<$AQ129,"Aclarar Valor","Cumple"))) -> Cumple | AM129: 59524 | AN129: =IF(AM129="","",IF(AM129>$F129,"No Cumple",IF(AM129<$AQ129,"Aclarar Valor","Cumple"))) -> Cumple | AO129: 62500 | AP129: =IF(AO129="","",IF(AO129>$F129,"No Cumple",IF(AO129<$AQ129,"Aclarar Valor","Cumple"))) -> Cumple | AQ129: =F129*0.8 -> 50000 | AR129: =IFERROR(MEDIAN(AI129,AA129,W129,O129)-STDEV(AI129,AA129,W129,O129),"") -> 59193.577
B130: 98 | C130: Tula de natación swimmbag | Tula con cordón doble para cierre ajustable en material impermeable repelente al agua 100 % poliéster con medidas aprox de 46 x 35 cm | Incluir costos directos e indirectos (impuestos si aplica) y entrega. - Ver Anexo tecnico | D130: UN | E130: 1 | F130: 67500 | G130: 67490 | H130: =IF(G130="","",IF(G130>$F130,"No Cumple",IF(G130<$AQ130,"Aclarar Valor","Cumple"))) -> Cumple | I130: 67500 | J130: =IF(I130="","",IF(I130>$F130,"No Cumple",IF(I130<$AQ130,"Aclarar Valor","Cumple"))) -> Cumple | L130: =IF(K130="","",IF(K130>$F130,"No Cumple",IF(K130<$AQ130,"Aclarar Valor","Cumple"))) | M130: 67500 | N130: =IF(M130="","",IF(M130>$F130,"No Cumple",IF(M130<$AQ130,"Aclarar Valor","Cumple"))) -> Cumple | O130: 63787 | P130: =IF(O130="","",IF(O130>$F130,"No Cumple",IF(O130<$AQ130,"Aclarar Valor","Cumple"))) -> Cumple | Q130: 67500 | R130: =IF(Q130="","",IF(Q130>$F130,"No Cumple",IF(Q130<$AQ130,"Aclarar Valor","Cumple"))) -> Cumple | S130: 67498 | T130: =IF(S130="","",IF(S130>$F130,"No Cumple",IF(S130<$AQ130,"Aclarar Valor","Cumple"))) -> Cumple | U130: 67500 | V130: =IF(U130="","",IF(U130>$F130,"No Cumple",IF(U130<$AQ130,"Aclarar Valor","Cumple"))) -> Cumple | X130: =IF(W130="","",IF(W130>$F130,"No Cumple",IF(W130<$AQ130,"Aclarar Valor","Cumple"))) | Y130: 67500 | Z130: =IF(Y130="","",IF(Y130>$F130,"No Cumple",IF(Y130<$AQ130,"Aclarar Valor","Cumple"))) -> Cumple | AA130: 64125 | AB130: =IF(AA130="","",IF(AA130>$F130,"No Cumple",IF(AA130<$AQ130,"Aclarar Valor","Cumple"))) -> Cumple | AC130: 67500 | AD130: =IF(AC130="","",IF(AC130>$F130,"No Cumple",IF(AC130<$AQ130,"Aclarar Valor","Cumple"))) -> Cumple | AE130: 67500 | AF130: =IF(AE130="","",IF(AE130>$F130,"No Cumple",IF(AE130<$AQ130,"Aclarar Valor","Cumple"))) -> Cumple | AG130: 67500 | AH130: =IF(AG130="","",IF(AG130>$F130,"No Cumple",IF(AG130<$AQ130,"Aclarar Valor","Cumple"))) -> Cumple | AI130: 64124 | AJ130: =IF(AI130="","",IF(AI130>$F130,"No Cumple",IF(AI130<$AQ130,"Aclarar Valor","Cumple"))) -> Cumple | AK130: 67500 | AL130: =IF(AK130="","",IF(AK130>$F130,"No Cumple",IF(AK130<$AQ130,"Aclarar Valor","Cumple"))) -> Cumple | AM130: 64286 | AN130: =IF(AM130="","",IF(AM130>$F130,"No Cumple",IF(AM130<$AQ130,"Aclarar Valor","Cumple"))) -> Cumple | AO130: 67500 | AP130: =IF(AO130="","",IF(AO130>$F130,"No Cumple",IF(AO130<$AQ130,"Aclarar Valor","Cumple"))) -> Cumple | AQ130: =F130*0.8 -> 54000 | AR130: =IFERROR(MEDIAN(AI130,AA130,W130,O130)-STDEV(AI130,AA130,W130,O130),"") -> 63929.144
B131: 99 | C131: Tapete de ejercicio | Espuma de nbr de alta calidad tamaño: 173 cm. De largo x 61 cm. De ancho espesor 1.5 cm. Libre de látex y componentes tóxicos antibacteriano material nbr de alta calidad ideal para hacer ejercicios y aeróbicos fácil de limpiar base de estabilidad resistente alfombra antideslizante ecológica enrollable para almacenamiento y fácil transporte evita la adherencia de malos olores. | Incluir costos directos e indirectos (impuestos si aplica) y entrega. - Ver Anexo tecnico | D131: UN | E131: 1 | F131: 157500 | G131: 157490 | H131: =IF(G131="","",IF(G131>$F131,"No Cumple",IF(G131<$AQ131,"Aclarar Valor","Cumple"))) -> Cumple | I131: 157500 | J131: =IF(I131="","",IF(I131>$F131,"No Cumple",IF(I131<$AQ131,"Aclarar Valor","Cumple"))) -> Cumple | L131: =IF(K131="","",IF(K131>$F131,"No Cumple",IF(K131<$AQ131,"Aclarar Valor","Cumple"))) | M131: 157500 | N131: =IF(M131="","",IF(M131>$F131,"No Cumple",IF(M131<$AQ131,"Aclarar Valor","Cumple"))) -> Cumple | O131: 148837 | P131: =IF(O131="","",IF(O131>$F131,"No Cumple",IF(O131<$AQ131,"Aclarar Valor","Cumple"))) -> Cumple | Q131: 157500 | R131: =IF(Q131="","",IF(Q131>$F131,"No Cumple",IF(Q131<$AQ131,"Aclarar Valor","Cumple"))) -> Cumple | S131: 157498 | T131: =IF(S131="","",IF(S131>$F131,"No Cumple",IF(S131<$AQ131,"Aclarar Valor","Cumple"))) -> Cumple | U131: 157500 | V131: =IF(U131="","",IF(U131>$F131,"No Cumple",IF(U131<$AQ131,"Aclarar Valor","Cumple"))) -> Cumple | X131: =IF(W131="","",IF(W131>$F131,"No Cumple",IF(W131<$AQ131,"Aclarar Valor","Cumple"))) | Y131: 157500 | Z131: =IF(Y131="","",IF(Y131>$F131,"No Cumple",IF(Y131<$AQ131,"Aclarar Valor","Cumple"))) -> Cumple | AA131: 149625 | AB131: =IF(AA131="","",IF(AA131>$F131,"No Cumple",IF(AA131<$AQ131,"Aclarar Valor","Cumple"))) -> Cumple | AC131: 157500 | AD131: =IF(AC131="","",IF(AC131>$F131,"No Cumple",IF(AC131<$AQ131,"Aclarar Valor","Cumple"))) -> Cumple | AE131: 157500 | AF131: =IF(AE131="","",IF(AE131>$F131,"No Cumple",IF(AE131<$AQ131,"Aclarar Valor","Cumple"))) -> Cumple | AG131: 157500 | AH131: =IF(AG131="","",IF(AG131>$F131,"No Cumple",IF(AG131<$AQ131,"Aclarar Valor","Cumple"))) -> Cumple | AI131: 149624 | AJ131: =IF(AI131="","",IF(AI131>$F131,"No Cumple",IF(AI131<$AQ131,"Aclarar Valor","Cumple"))) -> Cumple | AK131: 157500 | AL131: =IF(AK131="","",IF(AK131>$F131,"No Cumple",IF(AK131<$AQ131,"Aclarar Valor","Cumple"))) -> Cumple | AM131: 150000 | AN131: =IF(AM131="","",IF(AM131>$F131,"No Cumple",IF(AM131<$AQ131,"Aclarar Valor","Cumple"))) -> Cumple | AO131: 157500 | AP131: =IF(AO131="","",IF(AO131>$F131,"No Cumple",IF(AO131<$AQ131,"Aclarar Valor","Cumple"))) -> Cumple | AQ131: =F131*0.8 -> 126000 | AR131: =IFERROR(MEDIAN(AI131,AA131,W131,O131)-STDEV(AI131,AA131,W131,O131),"") -> 149169.34
B132: 100 | C132: Balón Pilates | Balón de Pilates de 75 cms, fabricado con un material texturizado, antideslizante para mayor confort y en material antiexplosivo. | Incluir costos directos e indirectos (impuestos si aplica) y entrega. - Ver Anexo tecnico | D132: UN | E132: 1 | F132: 65000 | G132: 64990 | H132: =IF(G132="","",IF(G132>$F132,"No Cumple",IF(G132<$AQ132,"Aclarar Valor","Cumple"))) -> Cumple | I132: 65000 | J132: =IF(I132="","",IF(I132>$F132,"No Cumple",IF(I132<$AQ132,"Aclarar Valor","Cumple"))) -> Cumple | L132: =IF(K132="","",IF(K132>$F132,"No Cumple",IF(K132<$AQ132,"Aclarar Valor","Cumple"))) | M132: 65000 | N132: =IF(M132="","",IF(M132>$F132,"No Cumple",IF(M132<$AQ132,"Aclarar Valor","Cumple"))) -> Cumple | O132: 61425 | P132: =IF(O132="","",IF(O132>$F132,"No Cumple",IF(O132<$AQ132,"Aclarar Valor","Cumple"))) -> Cumple | Q132: 65000 | R132: =IF(Q132="","",IF(Q132>$F132,"No Cumple",IF(Q132<$AQ132,"Aclarar Valor","Cumple"))) -> Cumple | S132: 64998 | T132: =IF(S132="","",IF(S132>$F132,"No Cumple",IF(S132<$AQ132,"Aclarar Valor","Cumple"))) -> Cumple | U132: 65000 | V132: =IF(U132="","",IF(U132>$F132,"No Cumple",IF(U132<$AQ132,"Aclarar Valor","Cumple"))) -> Cumple | X132: =IF(W132="","",IF(W132>$F132,"No Cumple",IF(W132<$AQ132,"Aclarar Valor","Cumple"))) | Y132: 65000 | Z132: =IF(Y132="","",IF(Y132>$F132,"No Cumple",IF(Y132<$AQ132,"Aclarar Valor","Cumple"))) -> Cumple | AA132: 61750 | AB132: =IF(AA132="","",IF(AA132>$F132,"No Cumple",IF(AA132<$AQ132,"Aclarar Valor","Cumple"))) -> Cumple | AC132: 65000 | AD132: =IF(AC132="","",IF(AC132>$F132,"No Cumple",IF(AC132<$AQ132,"Aclarar Valor","Cumple"))) -> Cumple | AE132: 65000 | AF132: =IF(AE132="","",IF(AE132>$F132,"No Cumple",IF(AE132<$AQ132,"Aclarar Valor","Cumple"))) -> Cumple | AG132: 65000 | AH132: =IF(AG132="","",IF(AG132>$F132,"No Cumple",IF(AG132<$AQ132,"Aclarar Valor","Cumple"))) -> Cumple | AI132: 61749 | AJ132: =IF(AI132="","",IF(AI132>$F132,"No Cumple",IF(AI132<$AQ132,"Aclarar Valor","Cumple"))) -> Cumple | AK132: 65000 | AL132: =IF(AK132="","",IF(AK132>$F132,"No Cumple",IF(AK132<$AQ132,"Aclarar Valor","Cumple"))) -> Cumple | AM132: 61905 | AN132: =IF(AM132="","",IF(AM132>$F132,"No Cumple",IF(AM132<$AQ132,"Aclarar Valor","Cumple"))) -> Cumple | AO132: 65000 | AP132: =IF(AO132="","",IF(AO132>$F132,"No Cumple",IF(AO132<$AQ132,"Aclarar Valor","Cumple"))) -> Cumple | AQ132: =F132*0.8 -> 52000 | AR132: =IFERROR(MEDIAN(AI132,AA132,W132,O132)-STDEV(AI132,AA132,W132,O132),"") -> 61561.649
B133: 101 | C133: Mancuernas hexagonales de 2Kg | Mancuernas con forma hexagonal evita que rueden o se muevan. Están formadas por una barra de acero y una pesa en cada extremo, fabricada de goma de alta calidad comprimida | Incluir costos directos e indirectos (impuestos si aplica) y entrega. - Ver Anexo tecnico | D133: UN | E133: 1 | F133: 120000 | G133: 119990 | H133: =IF(G133="","",IF(G133>$F133,"No Cumple",IF(G133<$AQ133,"Aclarar Valor","Cumple"))) -> Cumple | I133: 120000 | J133: =IF(I133="","",IF(I133>$F133,"No Cumple",IF(I133<$AQ133,"Aclarar Valor","Cumple"))) -> Cumple | L133: =IF(K133="","",IF(K133>$F133,"No Cumple",IF(K133<$AQ133,"Aclarar Valor","Cumple"))) | M133: 120000 | N133: =IF(M133="","",IF(M133>$F133,"No Cumple",IF(M133<$AQ133,"Aclarar Valor","Cumple"))) -> Cumple | O133: 113400 | P133: =IF(O133="","",IF(O133>$F133,"No Cumple",IF(O133<$AQ133,"Aclarar Valor","Cumple"))) -> Cumple | Q133: 120000 | R133: =IF(Q133="","",IF(Q133>$F133,"No Cumple",IF(Q133<$AQ133,"Aclarar Valor","Cumple"))) -> Cumple | S133: 119998 | T133: =IF(S133="","",IF(S133>$F133,"No Cumple",IF(S133<$AQ133,"Aclarar Valor","Cumple"))) -> Cumple | U133: 120000 | V133: =IF(U133="","",IF(U133>$F133,"No Cumple",IF(U133<$AQ133,"Aclarar Valor","Cumple"))) -> Cumple | X133: =IF(W133="","",IF(W133>$F133,"No Cumple",IF(W133<$AQ133,"Aclarar Valor","Cumple"))) | Y133: 120000 | Z133: =IF(Y133="","",IF(Y133>$F133,"No Cumple",IF(Y133<$AQ133,"Aclarar Valor","Cumple"))) -> Cumple | AA133: 114000 | AB133: =IF(AA133="","",IF(AA133>$F133,"No Cumple",IF(AA133<$AQ133,"Aclarar Valor","Cumple"))) -> Cumple | AC133: 120000 | AD133: =IF(AC133="","",IF(AC133>$F133,"No Cumple",IF(AC133<$AQ133,"Aclarar Valor","Cumple"))) -> Cumple | AE133: 120000 | AF133: =IF(AE133="","",IF(AE133>$F133,"No Cumple",IF(AE133<$AQ133,"Aclarar Valor","Cumple"))) -> Cumple | AG133: 120000 | AH133: =IF(AG133="","",IF(AG133>$F133,"No Cumple",IF(AG133<$AQ133,"Aclarar Valor","Cumple"))) -> Cumple | AI133: 113999 | AJ133: =IF(AI133="","",IF(AI133>$F133,"No Cumple",IF(AI133<$AQ133,"Aclarar Valor","Cumple"))) -> Cumple | AK133: 120000 | AL133: =IF(AK133="","",IF(AK133>$F133,"No Cumple",IF(AK133<$AQ133,"Aclarar Valor","Cumple"))) -> Cumple | AM133: 114286 | AN133: =IF(AM133="","",IF(AM133>$F133,"No Cumple",IF(AM133<$AQ133,"Aclarar Valor","Cumple"))) -> Cumple | AO133: 120000 | AP133: =IF(AO133="","",IF(AO133>$F133,"No Cumple",IF(AO133<$AQ133,"Aclarar Valor","Cumple"))) -> Cumple | AQ133: =F133*0.8 -> 96000 | AR133: =IFERROR(MEDIAN(AI133,AA133,W133,O133)-STDEV(AI133,AA133,W133,O133),"") -> 113652.88
B134: 102 | C134: Manga de compresión | Par de mangas con protección uv para diversas actividades al aire libre como: camping, golf, tenis, pesca, ciclismo, futbol, basketball, beisbol, conduccion, entre otras, talla única. Material: composición: 45% elastodieno 29% microfibra 26% spandex. (ideales para niños y adultos) | Incluir costos directos e indirectos (impuestos si aplica) y entrega. - Ver Anexo tecnico | D134: UN | E134: 1 | F134: 92500 | G134: 92490 | H134: =IF(G134="","",IF(G134>$F134,"No Cumple",IF(G134<$AQ134,"Aclarar Valor","Cumple"))) -> Cumple | I134: 92500 | J134: =IF(I134="","",IF(I134>$F134,"No Cumple",IF(I134<$AQ134,"Aclarar Valor","Cumple"))) -> Cumple | L134: =IF(K134="","",IF(K134>$F134,"No Cumple",IF(K134<$AQ134,"Aclarar Valor","Cumple"))) | M134: 92500 | N134: =IF(M134="","",IF(M134>$F134,"No Cumple",IF(M134<$AQ134,"Aclarar Valor","Cumple"))) -> Cumple | O134: 87412 | P134: =IF(O134="","",IF(O134>$F134,"No Cumple",IF(O134<$AQ134,"Aclarar Valor","Cumple"))) -> Cumple | Q134: 92500 | R134: =IF(Q134="","",IF(Q134>$F134,"No Cumple",IF(Q134<$AQ134,"Aclarar Valor","Cumple"))) -> Cumple | S134: 92498 | T134: =IF(S134="","",IF(S134>$F134,"No Cumple",IF(S134<$AQ134,"Aclarar Valor","Cumple"))) -> Cumple | U134: 92500 | V134: =IF(U134="","",IF(U134>$F134,"No Cumple",IF(U134<$AQ134,"Aclarar Valor","Cumple"))) -> Cumple | X134: =IF(W134="","",IF(W134>$F134,"No Cumple",IF(W134<$AQ134,"Aclarar Valor","Cumple"))) | Y134: 92500 | Z134: =IF(Y134="","",IF(Y134>$F134,"No Cumple",IF(Y134<$AQ134,"Aclarar Valor","Cumple"))) -> Cumple | AA134: 87875 | AB134: =IF(AA134="","",IF(AA134>$F134,"No Cumple",IF(AA134<$AQ134,"Aclarar Valor","Cumple"))) -> Cumple | AC134: 92500 | AD134: =IF(AC134="","",IF(AC134>$F134,"No Cumple",IF(AC134<$AQ134,"Aclarar Valor","Cumple"))) -> Cumple | AE134: 92500 | AF134: =IF(AE134="","",IF(AE134>$F134,"No Cumple",IF(AE134<$AQ134,"Aclarar Valor","Cumple"))) -> Cumple | AG134: 92500 | AH134: =IF(AG134="","",IF(AG134>$F134,"No Cumple",IF(AG134<$AQ134,"Aclarar Valor","Cumple"))) -> Cumple | AI134: 87874 | AJ134: =IF(AI134="","",IF(AI134>$F134,"No Cumple",IF(AI134<$AQ134,"Aclarar Valor","Cumple"))) -> Cumple | AK134: 92500 | AL134: =IF(AK134="","",IF(AK134>$F134,"No Cumple",IF(AK134<$AQ134,"Aclarar Valor","Cumple"))) -> Cumple | AM134: 88095 | AN134: =IF(AM134="","",IF(AM134>$F134,"No Cumple",IF(AM134<$AQ134,"Aclarar Valor","Cumple"))) -> Cumple | AO134: 92500 | AP134: =IF(AO134="","",IF(AO134>$F134,"No Cumple",IF(AO134<$AQ134,"Aclarar Valor","Cumple"))) -> Cumple | AQ134: =F134*0.8 -> 74000 | AR134: =IFERROR(MEDIAN(AI134,AA134,W134,O134)-STDEV(AI134,AA134,W134,O134),"") -> 87606.975
B135: 103 | C135: Toalla deportiva | Material microfibra, 40cm x 60cm | Incluir costos directos e indirectos (impuestos si aplica) y entrega. - Ver Anexo tecnico | D135: UN | E135: 1 | F135: 65000 | G135: 64990 | H135: =IF(G135="","",IF(G135>$F135,"No Cumple",IF(G135<$AQ135,"Aclarar Valor","Cumple"))) -> Cumple | I135: 65000 | J135: =IF(I135="","",IF(I135>$F135,"No Cumple",IF(I135<$AQ135,"Aclarar Valor","Cumple"))) -> Cumple | L135: =IF(K135="","",IF(K135>$F135,"No Cumple",IF(K135<$AQ135,"Aclarar Valor","Cumple"))) | M135: 65000 | N135: =IF(M135="","",IF(M135>$F135,"No Cumple",IF(M135<$AQ135,"Aclarar Valor","Cumple"))) -> Cumple | O135: 61425 | P135: =IF(O135="","",IF(O135>$F135,"No Cumple",IF(O135<$AQ135,"Aclarar Valor","Cumple"))) -> Cumple | Q135: 65000 | R135: =IF(Q135="","",IF(Q135>$F135,"No Cumple",IF(Q135<$AQ135,"Aclarar Valor","Cumple"))) -> Cumple | S135: 64998 | T135: =IF(S135="","",IF(S135>$F135,"No Cumple",IF(S135<$AQ135,"Aclarar Valor","Cumple"))) -> Cumple | U135: 65000 | V135: =IF(U135="","",IF(U135>$F135,"No Cumple",IF(U135<$AQ135,"Aclarar Valor","Cumple"))) -> Cumple | X135: =IF(W135="","",IF(W135>$F135,"No Cumple",IF(W135<$AQ135,"Aclarar Valor","Cumple"))) | Y135: 65000 | Z135: =IF(Y135="","",IF(Y135>$F135,"No Cumple",IF(Y135<$AQ135,"Aclarar Valor","Cumple"))) -> Cumple | AA135: 61750 | AB135: =IF(AA135="","",IF(AA135>$F135,"No Cumple",IF(AA135<$AQ135,"Aclarar Valor","Cumple"))) -> Cumple | AC135: 65000 | AD135: =IF(AC135="","",IF(AC135>$F135,"No Cumple",IF(AC135<$AQ135,"Aclarar Valor","Cumple"))) -> Cumple | AE135: 65000 | AF135: =IF(AE135="","",IF(AE135>$F135,"No Cumple",IF(AE135<$AQ135,"Aclarar Valor","Cumple"))) -> Cumple | AG135: 65000 | AH135: =IF(AG135="","",IF(AG135>$F135,"No Cumple",IF(AG135<$AQ135,"Aclarar Valor","Cumple"))) -> Cumple | AI135: 61749 | AJ135: =IF(AI135="","",IF(AI135>$F135,"No Cumple",IF(AI135<$AQ135,"Aclarar Valor","Cumple"))) -> Cumple | AK135: 65000 | AL135: =IF(AK135="","",IF(AK135>$F135,"No Cumple",IF(AK135<$AQ135,"Aclarar Valor","Cumple"))) -> Cumple | AM135: 61905 | AN135: =IF(AM135="","",IF(AM135>$F135,"No Cumple",IF(AM135<$AQ135,"Aclarar Valor","Cumple"))) -> Cumple | AO135: 65000 | AP135: =IF(AO135="","",IF(AO135>$F135,"No Cumple",IF(AO135<$AQ135,"Aclarar Valor","Cumple"))) -> Cumple | AQ135: =F135*0.8 -> 52000 | AR135: =IFERROR(MEDIAN(AI135,AA135,W135,O135)-STDEV(AI135,AA135,W135,O135),"") -> 61561.649
B136: 104 | C136: Gorras cachucha | Gorras con parte frontal en poliéster blanco o el color requerido - cascos en malla en la parte trasera, cierre plástico. | Incluir costos directos e indirectos (impuestos si aplica) y entrega. - Ver Anexo tecnico | D136: UN | E136: 1 | F136: 37500 | G136: 37490 | H136: =IF(G136="","",IF(G136>$F136,"No Cumple",IF(G136<$AQ136,"Aclarar Valor","Cumple"))) -> Cumple | I136: 37500 | J136: =IF(I136="","",IF(I136>$F136,"No Cumple",IF(I136<$AQ136,"Aclarar Valor","Cumple"))) -> Cumple | L136: =IF(K136="","",IF(K136>$F136,"No Cumple",IF(K136<$AQ136,"Aclarar Valor","Cumple"))) | M136: 37500 | N136: =IF(M136="","",IF(M136>$F136,"No Cumple",IF(M136<$AQ136,"Aclarar Valor","Cumple"))) -> Cumple | O136: 35437 | P136: =IF(O136="","",IF(O136>$F136,"No Cumple",IF(O136<$AQ136,"Aclarar Valor","Cumple"))) -> Cumple | Q136: 37500 | R136: =IF(Q136="","",IF(Q136>$F136,"No Cumple",IF(Q136<$AQ136,"Aclarar Valor","Cumple"))) -> Cumple | S136: 37498 | T136: =IF(S136="","",IF(S136>$F136,"No Cumple",IF(S136<$AQ136,"Aclarar Valor","Cumple"))) -> Cumple | U136: 37500 | V136: =IF(U136="","",IF(U136>$F136,"No Cumple",IF(U136<$AQ136,"Aclarar Valor","Cumple"))) -> Cumple | X136: =IF(W136="","",IF(W136>$F136,"No Cumple",IF(W136<$AQ136,"Aclarar Valor","Cumple"))) | Y136: 37500 | Z136: =IF(Y136="","",IF(Y136>$F136,"No Cumple",IF(Y136<$AQ136,"Aclarar Valor","Cumple"))) -> Cumple | AA136: 35625 | AB136: =IF(AA136="","",IF(AA136>$F136,"No Cumple",IF(AA136<$AQ136,"Aclarar Valor","Cumple"))) -> Cumple | AC136: 37500 | AD136: =IF(AC136="","",IF(AC136>$F136,"No Cumple",IF(AC136<$AQ136,"Aclarar Valor","Cumple"))) -> Cumple | AE136: 37500 | AF136: =IF(AE136="","",IF(AE136>$F136,"No Cumple",IF(AE136<$AQ136,"Aclarar Valor","Cumple"))) -> Cumple | AG136: 37500 | AH136: =IF(AG136="","",IF(AG136>$F136,"No Cumple",IF(AG136<$AQ136,"Aclarar Valor","Cumple"))) -> Cumple | AI136: 35624 | AJ136: =IF(AI136="","",IF(AI136>$F136,"No Cumple",IF(AI136<$AQ136,"Aclarar Valor","Cumple"))) -> Cumple | AK136: 37500 | AL136: =IF(AK136="","",IF(AK136>$F136,"No Cumple",IF(AK136<$AQ136,"Aclarar Valor","Cumple"))) -> Cumple | AM136: 35714 | AN136: =IF(AM136="","",IF(AM136>$F136,"No Cumple",IF(AM136<$AQ136,"Aclarar Valor","Cumple"))) -> Cumple | AO136: 37500 | AP136: =IF(AO136="","",IF(AO136>$F136,"No Cumple",IF(AO136<$AQ136,"Aclarar Valor","Cumple"))) -> Cumple | AQ136: =F136*0.8 -> 30000 | AR136: =IFERROR(MEDIAN(AI136,AA136,W136,O136)-STDEV(AI136,AA136,W136,O136),"") -> 35515.746
... B144: 112 | C144: Numero impreso | Números Dorsales Para Camisetas Participantes: impresos en tela banner 4 tintas tamaño media carta. | Incluir costos directos e indirectos (impuestos si aplica) y entrega. - Ver Anexo tecnico | D144: UN | E144: 1 | F144: 11000 | G144: 10990 | H144: =IF(G144="","",IF(G144>$F144,"No Cumple",IF(G144<$AQ144,"Aclarar Valor","Cumple"))) -> Cumple | I144: 11000 | J144: =IF(I144="","",IF(I144>$F144,"No Cumple",IF(I144<$AQ144,"Aclarar Valor","Cumple"))) -> Cumple | L144: =IF(K144="","",IF(K144>$F144,"No Cumple",IF(K144<$AQ144,"Aclarar Valor","Cumple"))) | M144: 11000 | N144: =IF(M144="","",IF(M144>$F144,"No Cumple",IF(M144<$AQ144,"Aclarar Valor","Cumple"))) -> Cumple | O144: 10395 | P144: =IF(O144="","",IF(O144>$F144,"No Cumple",IF(O144<$AQ144,"Aclarar Valor","Cumple"))) -> Cumple | Q144: 11000 | R144: =IF(Q144="","",IF(Q144>$F144,"No Cumple",IF(Q144<$AQ144,"Aclarar Valor","Cumple"))) -> Cumple | S144: 10998 | T144: =IF(S144="","",IF(S144>$F144,"No Cumple",IF(S144<$AQ144,"Aclarar Valor","Cumple"))) -> Cumple | U144: 11000 | V144: =IF(U144="","",IF(U144>$F144,"No Cumple",IF(U144<$AQ144,"Aclarar Valor","Cumple"))) -> Cumple | X144: =IF(W144="","",IF(W144>$F144,"No Cumple",IF(W144<$AQ144,"Aclarar Valor","Cumple"))) | Y144: 11000 | Z144: =IF(Y144="","",IF(Y144>$F144,"No Cumple",IF(Y144<$AQ144,"Aclarar Valor","Cumple"))) -> Cumple | AA144: 10450 | AB144: =IF(AA144="","",IF(AA144>$F144,"No Cumple",IF(AA144<$AQ144,"Aclarar Valor","Cumple"))) -> Cumple | AC144: 11000 | AD144: =IF(AC144="","",IF(AC144>$F144,"No Cumple",IF(AC144<$AQ144,"Aclarar Valor","Cumple"))) -> Cumple | AE144: 11000 | AF144: =IF(AE144="","",IF(AE144>$F144,"No Cumple",IF(AE144<$AQ144,"Aclarar Valor","Cumple"))) -> Cumple | AG144: 11000 | AH144: =IF(AG144="","",IF(AG144>$F144,"No Cumple",IF(AG144<$AQ144,"Aclarar Valor","Cumple"))) -> Cumple | AI144: 10449 | AJ144: =IF(AI144="","",IF(AI144>$F144,"No Cumple",IF(AI144<$AQ144,"Aclarar Valor","Cumple"))) -> Cumple | AK144: 11000 | AL144: =IF(AK144="","",IF(AK144>$F144,"No Cumple",IF(AK144<$AQ144,"Aclarar Valor","Cumple"))) -> Cumple | AM144: 10476 | AN144: =IF(AM144="","",IF(AM144>$F144,"No Cumple",IF(AM144<$AQ144,"Aclarar Valor","Cumple"))) -> Cumple | AO144: 11000 | AP144: =IF(AO144="","",IF(AO144>$F144,"No Cumple",IF(AO144<$AQ144,"Aclarar Valor","Cumple"))) -> Cumple | AQ144: =F144*0.8 -> 8800 | AR144: =IFERROR(MEDIAN(AI144,AA144,W144,O144)-STDEV(AI144,AA144,W144,O144),"") -> 10417.53
G146: =1-(G32/$F$32) -> 3.2914092e-05 | I146: =1-(I32/$F$32) -> 0 | M146: =1-(M32/$F$32) -> 0 | O146: =1-(O32/$F$32) -> 0.055001031 | Q146: =1-(Q32/$F$32) -> 0.001092584 | S146: =1-(S32/$F$32) -> 6.1184701e-06 | U146: =1-(U32/$F$32) -> 0 | W146: =1-(W32/$F$32) -> #VALUE! | Y146: =1-(Y32/$F$32) -> -0.010447779 | AA146: =1-(AA32/$F$32) -> 0.05 | AC146: =1-(AC32/$F$32) -> 0 | AE146: =1-(AE32/$F$32) -> 0.0063916708 | AG146: =1-(AG32/$F$32) -> 0 | AI146: =1-(AI32/$F$32) -> 0.050002979 | AK146: =1-(AK32/$F$32) -> 0 | AM146: =1-(AM32/$F$32) -> 0.047619042 | AO146: =1-(AO32/$F$32) -> 0
C148: Nota 1: Conforme lo recomienda la guia de Colombia Compra G-MOAB-01, se procede a validar que los precios ofertados no encuentren por debajo de los minimos permitidos tomando como margen minimo el 80% como se señala en la guia, una vez verificadas las ofertas habilitadas se determina que las mismas cumplen con sus valores ofertados y estos se encuentran por encima del minimo permitido.
C149: Nota 2: Los proponentes a los cuales se les observa "Porcentaje inicial de descuento no cumple lo estipulado en pliego de condiciones", incurren en causal de rechazo conforme lo cita el Pliego de Condiciones al indicar: " El valor ofertado por el total de los ÍTEMS, no podrá ser inferior al cinco (5) %, so pena de generar el rechazo de la oferta. La adjudicación del presente proceso de selección se hará a quien oferte el mayor descuento. El porcentaje inicial de descuento no podrá ser inferior a cinco (5) %, so pena de generar el rechazo de la oferta."
C154: Firmado en Original
C155: Nelson Javier Arguellez Palacios
C156: Contratista Alcaldía Local de Bosa

Sheet MatrizCostos_Subasta
B2: MATRIZ DE COSTOS - FDLBOSASASI 003-2022 (72195)
B3: REALIZAR LA ADQUISICION DE ELEMENTOS E IMPLEMENTOS DEPORTIVOS, RECREATIVOS Y DE ACTIVIDAD FÍSICA PARA EL FORTALECIMIENTO DEL PROYECTO 1804 BOSA SE LA JUEGA POR EL DEPORTE. https://community.secop.gov.co/Public/Tendering/ContractNoticePhases/View?PPI=CO1.PPI.18417278&isFromPublicArea=True&isModal=False
B7: Proponente Mejor Lance o Propuesta mas favorable - Resultado Lance | D7: PENDIENTE | G7: Ultimo Lance
B8: Lance Total Oferta | D8: =1-(H14/E14) -> 1 | E8: Promedio | F8: =IFERROR(AVERAGEIF(F15:F126,">0"),"") -> 1 | G8: Mediana | H8: =IFERROR(MEDIAN(F15:F26),"") -> 1
B10: Ahorro en Subasta | D10: =E14-H14 -> 34596846 | G10: =D10/E14 -> 1
B11: Ahorro General | D11: =OfertasEconomicas!F32-MatrizCostos_Subasta!H14 -> 36610459 | G11: =D11/OfertasEconomicas!F32 -> 1
B13: Ref. Artículo | C13: Descripción | D13: Unidad de Medida | E13: Precio Inicio Subasta | F13: Ahorro Lance | G13: Ahorro $ | H13: Precio Final Unitario Subasta | I13: Requiere Aclaración por precios bajos
B14: TOTALES | E14: =SUM(E15:E126) -> 34596846 | F14: =IFERROR(1-(H14/E14),"") -> 1 | G14: =E14-H14 -> 34596846 | H14: =SUM(H15:H126) -> 0
B15: 1 | C15: =OfertasEconomicas!C33 -> Balón de voleibol no. 4 | Debe cumplir como mínimo con los requisitos establecidos en la presente ficha técnica. Federación internacional de voleibol. Fivb. Especificaciones del reglamento técnico del juego. El material de fabricación de la cubierta del balón de voleibol en cuero sintético o poliuretano (pu) número 4: infantil. Circunferencia: 62 - 64 cm. Peso: 210 - 243 g. El balón de voleibol al ser lanzado desde una altura de 2 m. Deberá alcanzaren el primer rebote una distancia de 105a 115cm. | Incluir costos directos e indirectos (impuestos si aplica) y entrega. - Ver Ficha Tecnica Deportes 2022.pdf | D15: =OfertasEconomicas!D33 -> UN | E15: 95842 | F15: =IFERROR(1-(H15/E15),"") -> 1 | G15: =E15-H15 -> 95842 | I15: =IF(H15<OfertasEconomicas!AQ33,"Aclaración Recibida - Cumple.","") -> Aclaración Recibida - Cumple.
B16: 2 | C16: =OfertasEconomicas!C34 -> Balón de voleibol no. 5 | Debe cumplir como mínimo con los requisitos establecidos en la presente ficha técnica. Federación internacional de voleibol. Fivb. Especificaciones del reglamento técnico del juego. El material de fabricación de la cubierta del balón de voleibol en cuero sintético o poliuretano (pu). Número 5 para adultos. Circunferencia: 65 - 67 cm. Peso: 260 - 280 g. El balón de voleibol al ser lanzado desde una altura de 2 m. Deberá alcanzaren el primer rebote una distancia de 105a 115cm. | Incluir costos directos e indirectos (impuestos si aplica) y entrega. - Ver Anexo tecnico | D16: =OfertasEconomicas!D34 -> UN | E16: 95842 | F16: =IFERROR(1-(H16/E16),"") -> 1 | G16: =E16-H16 -> 95842 | I16: =IF(H16<OfertasEconomicas!AQ34,"Aclaración Recibida - Cumple.","") -> Aclaración Recibida - Cumple.
B17: 3 | C17: =OfertasEconomicas!C35 -> Balón de futbol no. 3 | Debe cumplir como mínimo con los requisitos establecidos en la presente ficha técnica. Federación internacional de fútbol. Fifa. Especificaciones del reglamento técnico. Balones fútbol: número 3: junior. Niños hasta 8 años. Circunferencia: 58 - 60.9 cm peso: mín. 300 - 340 g | Incluir costos directos e indirectos (impuestos si aplica) y entrega. - Ver Anexo tecnico | D17: =OfertasEconomicas!D35 -> UN | E17: 80532 | F17: =IFERROR(1-(H17/E17),"") -> 1 | G17: =E17-H17 -> 80532 | I17: =IF(H17<OfertasEconomicas!AQ35,"Aclaración Recibida - Cumple.","") -> Aclaración Recibida - Cumple.
B18: 4 | C18: =OfertasEconomicas!C36 -> Balón de futbol no. 4 | Debe cumplir como mínimo con los requisitos establecidos en la presente ficha técnica. Federación internacional de fútbol. Fifa. Especificaciones del reglamento técnico. Balones fútbol: número 4: infantil. Niños entre 8 y 12 años. Circunferencia: 63.5 - 66 cm peso: 350 - 390 g | Incluir costos directos e indirectos (impuestos si aplica) y entrega. - Ver Anexo tecnico | D18: =OfertasEconomicas!D36 -> UN | E18: 77567 | F18: =IFERROR(1-(H18/E18),"") -> 1 | G18: =E18-H18 -> 77567 | I18: =IF(H18<OfertasEconomicas!AQ36,"Aclaración Recibida - Cumple.","") -> Aclaración Recibida - Cumple.
B19: 5 | C19: =OfertasEconomicas!C37 -> Balón de futbol no. 5 | Debe cumplir como mínimo con los requisitos establecidos en la presente ficha técnica. Federación internacional de fútbol. Fifa. Especificaciones del reglamento técnico. Balones fútbol: número 5: adulto. Personas de más de 13 años. Circunferencia: 68 - 70 cm. Peso: 410 - 450 g | Incluir costos directos e indirectos (impuestos si aplica) y entrega. - Ver Anexo tecnico | D19: =OfertasEconomicas!D37 -> UN | E19: 90841 | F19: =IFERROR(1-(H19/E19),"") -> 1 | G19: =E19-H19 -> 90841 | I19: =IF(H19<OfertasEconomicas!AQ37,"Aclaración Recibida - Cumple.","") -> Aclaración Recibida - Cumple.
B20: 6 | C20: =OfertasEconomicas!C38 -> Balón de baloncesto no. 3 | Debe cumplir como mínimo con los requisitos establecidos en la presente ficha técnica. Federación internacional de baloncesto. Fiba. Especificaciones del reglamento técnico del juego. El material de fabricación de la cubierta del balón de voleibol en cuero sintético o compuesto o goma, outdoor (espacios al aire libre) balón no. 3: circunferencia: 55 - 58 cm peso: 300 - 350 g el balón de baloncesto al ser lanzado desde una altura de 1,80 m. Deberá alcanzar en el primer rebote una distancia de 1,20 a 1,40 m. | Incluir costos directos e indirectos (impuestos si aplica) y entrega. - Ver Anexo tecnico | D20: =OfertasEconomicas!D38 -> UN | E20: 15759 | F20: =IFERROR(1-(H20/E20),"") -> 1 | G20: =E20-H20 -> 15759 | I20: =IF(H20<OfertasEconomicas!AQ38,"Aclaración Recibida - Cumple.","") -> Aclaración Recibida - Cumple.
B21: 7 | C21: =OfertasEconomicas!C39 -> Balón de baloncesto no. 5 | Debe cumplir como mínimo con los requisitos establecidos en la presente ficha técnica. Federación internacional de baloncesto. Fiba. Especificaciones del reglamento técnico del juego. El material de fabricación de la cubierta del balón de voleibol en cuero sintético o compuesto o goma, outdoor (espacios al aire libre) balón no. 5: circunferencia: 69 - 70 cm peso: 470 - 510 g. El balón de baloncesto al ser lanzado desde una altura de 1,80 m. Deberá alcanzar en el primer rebote una distancia de 1,20 a 1,40 m. | Incluir costos directos e indirectos (impuestos si aplica) y entrega. - Ver Anexo tecnico | D21: =OfertasEconomicas!D39 -> UN | E21: 123038 | F21: =IFERROR(1-(H21/E21),"") -> 1 | G21: =E21-H21 -> 123038 | I21: =IF(H21<OfertasEconomicas!AQ39,"Aclaración Recibida - Cumple.","") -> Aclaración Recibida - Cumple.
B22: 8 | C22: =OfertasEconomicas!C40 -> Balón de baloncesto no. 6 | Debe cumplir como mínimo con los requisitos establecidos en la presente ficha técnica. Federación internacional de baloncesto. Fiba. Especificaciones del reglamento técnico del juego. El material de fabricación de la cubierta del balón de voleibol en cuero sintético o compuesto o goma, outdoor (espacios al aire libre) balón no. 6: circunferencia: 72 - 74 cm peso: 510 - 567 g el balón de baloncesto al ser lanzado desde una altura de 1,80 m. Deberá alcanzar en el primer rebote una distancia de 1,20 a 1,40 m. | Incluir costos directos e indirectos (impuestos si aplica) y entrega. - Ver Anexo tecnico | D22: =OfertasEconomicas!D40 -> UN | E22: 86759 | F22: =IFERROR(1-(H22/E22),"") -> 1 | G22: =E22-H22 -> 86759 | I22: =IF(H22<OfertasEconomicas!AQ40,"Aclaración Recibida - Cumple.","") -> Aclaración Recibida - Cumple.
B23: 9 | C23: =OfertasEconomicas!C41 -> Balón de baloncesto no. 7 | Debe cumplir como mínimo con los requisitos establecidos en la presente ficha técnica. Federación internacional de baloncesto. Fiba. Especificaciones del reglamento técnico del juego. El material de fabricación de la cubierta del balón de voleibol en cuero sintético o compuesto o goma, outdoor (espacios al aire libre) balón no. 7: circunferencia: 74.9 - 78 cm peso: 567 - 650 g el balón de baloncesto al ser lanzado desde una altura de 1,80 m. Deberá alcanzar en el primer rebote una distancia de 1,20 a 1,40 m. | Incluir costos directos e indirectos (impuestos si aplica) y entrega. - Ver Anexo tecnico | D23: =OfertasEconomicas!D41 -> UN | E23: 88239 | F23: =IFERROR(1-(H23/E23),"") -> 1 | G23: =E23-H23 -> 88239 | I23: =IF(H23<OfertasEconomicas!AQ41,"Aclaración Recibida - Cumple.","") -> Aclaración Recibida - Cumple.
B24: 10 | C24: =OfertasEconomicas!C42 -> Balón de futbol de salón | Debe cumplir como mínimo con los requisitos establecidos en la presente ficha técnica. Federación internacional de fútbol de salón. Amf. Especificaciones del reglamento técnico. Balones micro fútbol o fútbol de salón cuero pvc laminado tamaño 3/5 peso 440 a 450g circunferencia 60 a 62 cm rebote 25 a 35cm | Incluir costos directos e indirectos (impuestos si aplica) y entrega. - Ver Anexo tecnico | D24: =OfertasEconomicas!D42 -> UN | E24: 116170 | F24: =IFERROR(1-(H24/E24),"") -> 1 | G24: =E24-H24 -> 116170 | I24: =IF(H24<OfertasEconomicas!AQ42,"Aclaración Recibida - Cumple.","") -> Aclaración Recibida - Cumple.
B25: 11 | C25: =OfertasEconomicas!C43 -> Balón inestable en goma | Debe cumplir como mínimo con los requisitos establecidos en la presente ficha técnica. Textura granulosa que proporciona retroalimentación sensorial a las terminaciones nerviosas de los pies a la vez que provee la sensación de masaje, superficie antideslizante, diámetro base: 35 cm | Incluir costos directos e indirectos (impuestos si aplica) y entrega. - Ver Anexo tecnico | D25: =OfertasEconomicas!D43 -> UN | E25: 50014 | F25: =IFERROR(1-(H25/E25),"") -> 1 | G25: =E25-H25 -> 50014 | I25: =IF(H25<OfertasEconomicas!AQ43,"Aclaración Recibida - Cumple.","") -> Aclaración Recibida - Cumple.
B26: 12 | C26: =OfertasEconomicas!C44 -> Balón medicinal | Debe cumplir como mínimo con los requisitos establecidos en la presente ficha técnica. Es un balón esférico de cuero, goma o plástico, de diámetro variable (aproximadamente el diámetro de los hombros) con pesos diferentes. | Incluir costos directos e indirectos (impuestos si aplica) y entrega. - Ver Anexo tecnico | D26: =OfertasEconomicas!D44 -> UN | E26: 95944 | F26: =IFERROR(1-(H26/E26),"") -> 1 | G26: =E26-H26 -> 95944 | I26: =IF(H26<OfertasEconomicas!AQ44,"Aclaración Recibida - Cumple.","") -> Aclaración Recibida - Cumple.
... B126: 112 | C126: =OfertasEconomicas!C144 -> Numero impreso | Números Dorsales Para Camisetas Participantes: impresos en tela banner 4 tintas tamaño media carta. | Incluir costos directos e indirectos (impuestos si aplica) y entrega. - Ver Anexo tecnico | D126: =OfertasEconomicas!D144 -> UN | E126: 10395 | F126: =IFERROR(1-(H126/E126),"") -> 1 | G126: =E126-H126 -> 10395 | I126: =IF(H126<OfertasEconomicas!AQ144,"Aclaración Recibida - Cumple.","") -> Aclaración Recibida - Cumple.
B128: Nota:
B135: Firmado en Original
B136: Nelson Javier Arguellez Palacios
B141: Firmado en Original
B142: Cristian Leandro Cortes Guarnizo
